 Dungeon Crawl Stone Soup version 0.31-a0-854-g362426d53f (webtiles) character file.

Game seed: 1252756620106045545

1462919 MackTheKnife the Sorcerer (level 27, 215/215 HPs)
             Began as a Djinni Air Elementalist on Oct 7, 2023.
             Was an Initiate of Gozag.
             Escaped with the Orb
             ... and 3 runes on Oct 8, 2023!
             The game lasted 03:12:56 (89519 turns).

MackTheKnife the Sorcerer (DjAE)                   Turns: 89519, Time: 03:12:56

Health: 215/215    AC: 18    Str:  9    XL:     27
Gold:   4525       EV: 39    Int: 31    God:    Gozag SH: 10 Dex: 29

rFire   + + +        b - +8 rapier of the Protecting Gods {drain, *Noise rF+ Will+ Int+7, short}
rCold   + + .        Q - +2 buckler "Voitiese" {Dex+4 Stlth+}
rNeg    + + +        A - +5 moon troll leather armour {Spirit, Regen++ MP+5}
rPois   ∞            w - +1 helmet "Cauday" {rElec Will+}
rElec   +            N - +1 cloak of Starlight {*Dazzle EV+4 Stlth--}
rCorr   +            c - +1 pair of gloves of Prudence {rN++ Will+ Dex+2}
SInv    +            (boots unavailable)
Will    +++++        s - amulet of Xom's Recklessness {Acrobat rPois rC+ rN+ Dex-3 SInv}
Stlth   +            h - ring "Gogy" {rF+ rC+ MP+9 Int+3}
HPRegen 2.15/turn    z - +6 ring of dexterity
MPRegen 0.00/turn

%: acrobat, guardian spirit
@: resistant, flying, studying 2 skills, invisible
A: sickness immunity, fire resistance 2, cold vulnerability 1, float, innate
caster, HP casting, extra vitality 1, iridescent scales 1, dopey 1
0: Orb of Zot
}: 3/15 runes: decaying, silver, gossamer
a: Renounce Religion, Potion Petition, Call Merchant, Bribe Branch


You escaped.
You worshipped Gozag.
Gozag was most pleased with you.
You visited 11 branches of the dungeon, and saw 51 of its levels.
You also visited: Trove, Ossuary and Wizlab.

You collected 26917 gold pieces.
You spent 5799 gold pieces at shops.
You paid 16593 gold pieces to Gozag.


Innate Abilities, Weirdness & Mutations

You are immune to sickness and miasma.
You are immune to poison.
Your flesh is very heat resistant. (rF++)
You are vulnerable to cold. (rC-)
You float through the air rather than walking.
You learn spells naturally, not from books.
Your magical power is your life essence.
You have superior vitality. (+4 MHP)
You are partially covered in iridescent scales. (AC +2)
You are dopey. (Int -2)


   Skills:
 + Level 23.1 Fighting
 - Level 14.0 Short Blades
 - Level 6.0 Axes
 - Level 8.0 Armour
 + Level 23.0 Dodging
 - Level 8.0 Stealth
 - Level 7.0 Shields
 - Level 24.0 Spellcasting
 - Level 24.0 Conjurations
 - Level 24.0 Hexes
 - Level 24.0 Summonings
 - Level 24.0 Necromancy
 - Level 24.0 Translocations
 - Level 24.0 Transmutations
 - Level 24.0 Fire Magic
 - Level 24.0 Ice Magic
 - Level 24.0 Air Magic
 - Level 24.0 Earth Magic
 - Level 24.0 Poison Magic
 - Level 10.0 Evocations


You knew the following spells:

 Your Spells              Type           Power      Damage    Failure   Level
a - Shock                 Conj/Air       100%       1d9       0%          1
b - Static Discharge      Conj/Air       100%       2-7/arc   0%          2
c - Swiftness             Air            100%       N/A       0%          3
d - Airstrike             Air            55%        2d(8-24)  0%          4
e - Freeze                Ice            100%       1d10      0%          1
f - Poisonous Vapours     Pois/Air       100%       N/A       0%          2
g - Volatile Blastmotes   Fire/Tloc      100%       2d18      0%          3
h - Manifold Assault      Tloc           100%       N/A       0%          4
i - Sticky Flame          Conj/Fire      100%       2d11      0%          4
j - Summon Mana Viper     Hex/Summ       100%       N/A       0%          5
k - Summon Cactus Giant   Summ           55%        N/A       0%          6
l - Summon Hydra          Summ           55%        N/A       1%          7
m - Ozocubu's Refrigerat  Ice            55%        4d19      1%          7
n - Enfeeble              Hex            55%        N/A       1%          7
o - Haunt                 Necr/Summ      55%        N/A       1%          7
p - Ignition              Fire           55%        3d15      1%          8
q - Death's Door          Necr           55%        N/A       8%          9
Your spell library was empty.

Inventory:

Hand Weapons
 a - a +9 quick blade of pain {short}
   (You took it off a fenstrider witch on level 4 of the Swamp)
 b - the +8 rapier of the Protecting Gods (weapon) {drain, *Noise rF+ Will+ Int+7, short}
   (You took it off a skeletal warrior on level 3 of the Crypt)

   Int+7:     It affects your intelligence (+7).
   rF+:       It protects you from fire.
   Will+:     It increases your willpower.
   *Noise:    It may make a loud noise when swung.
Armour
 c - the +1 pair of gloves of Prudence (worn) {rN++ Will+ Dex+2}
   (You found it in a treasure trove)

   Dex+2:     It affects your dexterity (+2).
   rN++:      It greatly protects you from negative energy.
   Will+:     It increases your willpower.
 w - the +1 helmet "Cauday" (worn) {rElec Will+}
   (You found it on level 5 of the Vaults)

   rElec:     It insulates you from electricity.
   Will+:     It increases your willpower.
 A - the +5 moon troll leather armour (worn) {Spirit, Regen++ MP+5}
   (You found it in a treasure trove)

   MP+5:      It affects your magic capacity (+5).
   Regen++:   It increases your rate of health regeneration.
 N - the +1 cloak of Starlight (worn) {*Dazzle EV+4 Stlth--}
   (You found it in a wizard's laboratory)

   *Dazzle:   It may blind those who miss an attack against the wearer in melee
   combat.
   EV+4:      It affects your evasion (+4).
   Stlth--:   It makes you much less stealthy.
 Q - the +2 buckler "Voitiese" (worn) {Dex+4 Stlth+}
   (You bought it in a shop on level 9 of the Dungeon)

   Dex+4:     It affects your dexterity (+4).
   Stlth+:    It makes you more stealthy.
Jewellery
 h - the ring "Gogy" (left hand) {rF+ rC+ MP+9 Int+3}
   (You bought it in a shop on level 2 of the Lair of Beasts)

   [ring of protection from fire]

   Int+3:     It affects your intelligence (+3).
   rF+:       It protects you from fire.
   rC+:       It protects you from cold.
   MP+9:      It affects your magic capacity (+9).
 s - the amulet of Xom's Recklessness (around neck) {Acrobat rPois rC+ rN+ Dex-3 SInv}
   (You found it on level 3 of the Dungeon)

   [amulet of the acrobat]

   Acrobat:   It increases your evasion while moving and waiting.
   Dex-3:     It affects your dexterity (-3).
   rC+:       It protects you from cold.
   rPois:     It protects you from poison rN+: It protects you from negative
   energy.
   SInv:      It lets you see invisible.
 z - a +6 ring of dexterity (right hand)
   (You found it on level 3 of the Lair of Beasts)
Wands
 g - a wand of flame (73)
   (You found it on level 4 of the Lair of Beasts)
 j - a wand of quicksilver (16)
   (You found it on level 1 of the Lair of Beasts)
 u - a wand of polymorph (18)
   (You took it off Maurice on level 8 of the Dungeon)
 G - a wand of iceblast (24)
   (You found it on level 1 of the Lair of Beasts)
 I - a wand of charming (51)
   (You took it off a wight on level 9 of the Dungeon)
 J - a wand of mindburst (42)
   (You found it on level 3 of the Swamp)
 S - a wand of digging (7)
   (You found it on level 12 of the Dungeon)
Scrolls
 e - 2 scrolls of fog
 i - 8 scrolls of immolation {!r!r}
 k - 4 scrolls of silence {!r}
 l - 3 scrolls of enchant armour
 n - 7 scrolls of vulnerability {!r!r}
 o - 5 scrolls of blinking {!r}
 r - a scroll of revelation
 t - 6 scrolls of fear
 x - 17 scrolls of teleportation {@r4}
 F - 10 scrolls of identify {@r1}
 H - 5 scrolls of summoning
 M - 5 scrolls of poison
Potions
 d - 5 potions of mutation {!q}
 f - 11 potions of brilliance
 m - 5 potions of might
 p - 31 potions of curing {@q1}
 q - 6 potions of haste {@q3}
 y - 6 potions of resistance
 C - 5 potions of enlightenment
 D - 17 potions of heal wounds {@q2}
 E - 4 potions of invisibility
 K - 6 potions of ambrosia
 L - 3 potions of cancellation
Miscellaneous
 v - a phantom mirror
   (You found it on level 5 of the Vaults)
 T - a lightning rod (4/4)
   (You found it on level 15 of the Dungeon)
 W - a box of beasts
   (You found it on level 4 of the Swamp)

Dungeon Overview and Level Annotations

Branches:
Dungeon (15/15)            Temple (1/1) D:5            Lair (5/5) D:10
  Swamp (4/4) Lair:2       Spider (4/4) Lair:2        Slime (0/5) Lair:5
    Orc (2/2) D:9             Elf (3/3) Orc:2        Vaults (5/5) D:13
  Crypt (3/3) Vaults:2       Tomb (0/3) Crypt:3      Depths (4/4) D:15
    Zot (5/5) Depths:4    Ossuary (visited)          WizLab (visited)

Altars:
Ashenzari
Cheibriados
Dithmenos
Elyvilon
Fedhas
Gozag
Hepliaklqana
Makhleb
Nemelex Xobeh
Okawaru
Qazlal
Ru
Trog
Uskayaw
Wu Jian
Xom
Yredelemnul
Zin
The Shining One
Jiyva
Lugonu

Shops:
D:2 *   D:4 *   D:5 (   D:6 [!   D:7 *   D:9 [=   D:10 [   Orc:2 [[([   Elf:3 ?
Lair:1 *   Lair:2 =   Swamp:1 ?   Vaults:1 *   Vaults:4 :

Portals:
Hell: Depths:1 Depths:2 Depths:3 Depths:4
Abyss: Depths:2 Depths:3
Pandemonium: Depths:2 Depths:3
Ziggurat: Depths:1

Annotations:
D:10 exclusions: obsidian statue and orange crystal statue
Spider:1 Roxanne
Elf:2 3 runed translucent doors
Crypt:1 2 transporters, Jeidgh's ghost, adept NaAE
Depths:1 exclusions: angel and 3 more exclusions
Zot:5 exclusions: 2 upstairs and 2 more exclusions

# ############## ##
#............####.
#(#####..#........
#################..
#.........~P~###...
#.@.###...P~~......
#...# #.##P~P###...
#.### #P~P##.# ##.#
#.# #PP~##.# #.#
#.#####~P~...# #.#
#...P~~#####.# ##'#
#.##P~P# #.###...
#.##PP~# ###.##....
#~~P##.# #...#.....


There were no monsters in sight!


Message History

Something hits your wraith but does no damage.
Okay, then.
Okay, then.
A flood of memories washes over you.
Your Fighting skill increases to level 23!
Your Dodging skill increases to level 23!
Something barely misses your wraith. Something hits your wraith.
Something closely misses your wraith.
An Executioner comes into view. 😎 HP[+2]
You now have 215 max hp (+2).
Your hp is fully restored (215).
Unknown command. [a] - 432 gold - resistance and invisibility [b] - 322 gold - haste and brilliance [c] - 630 gold - might, brilliance, lignification and resistance Purchase which effect?
You feel protected.
You fade into invisibility!
Something hits your wraith but does no damage.
Something hits your wraith!!!
Your wraith is destroyed!
Your wraith disappears in a puff of smoke!
You feel yourself speed up.
The Executioner gestures.
The Executioner seems to speed up.
Something hits your wraith!!
Your wraith is destroyed!
Your wraith disappears in a puff of smoke!
The Executioner attacks as it pursues you!
You block the Executioner's attack. x2; The Executioner completely misses you. x3
You block the Executioner's attack.
The Executioner completely misses you. x2
The Executioner hits you but does no damage.
Casting: Haunt (mildly dangerous; 1% risk of failure)
Confirm with . or Enter, or press ? or * to list all spells.
Aiming: Haunt (mildly dangerous; 1% risk of failure)
Press: ? - help, Dir - move target, f - Executioner
Aim: an Executioner (fast) Insubstantial figures form in the air.
You block the Executioner's attack.
The Executioner completely misses you. x2; The sun demon hits your wraith!
Your wraith is engulfed in flames! 😕 HP[-6]
You take 6 damage, and now have 209/215 hp.
Casting: Haunt (mildly dangerous; 1% risk of failure)
Confirm with . or Enter, or press ? or * to list all spells.
Aiming: Enfeeble (mildly dangerous; 1% risk of failure)
Press: ? - help, Shift-Dir - straight line, f/p - Executioner
Aim: an Executioner (fast, ally target, will inflict weakness and antimagic, chance to daze and blind: 43%)
The Executioner is enfeebled!
The Executioner completely misses you. x2
You block the Executioner's attack.
The Executioner is lost in a daze.
The sun demon hits your wraith.
Your wraith is engulfed in flames!!
Your wraith is destroyed!
Your wraith disappears in a puff of smoke! 😕 HP[-5]
You take 5 damage, and now have 204/215 hp.
You catch the helpless Executioner completely off-guard!
You perforate the Executioner like a sieve!!!
The Executioner is lost in a daze.
Your wraith barely misses the Executioner.
You hit the Executioner. The Executioner completely misses you.
The Executioner is temporarily struck blind!
You block the Executioner's attack.
The Executioner hits you but does no damage.
You block the Executioner's attack. x2; The Executioner hits you. 😕 HP[-2]
You take 2 damage, and now have 202/215 hp.
You catch the helpless Executioner completely off-guard!
You skewer the Executioner like a kebab!!!
You kill the Executioner!
The sun demon misses your wraith.
Your phantasmal warrior hits the Hell Sentinel. 😕 HP[+1]
You swap places.
Your wraith hits the sun demon.
The sun demon hits your wraith but does no damage. 😕 HP[+1] 😕 HP[+2]
You regained 2 hp, and now have 206/215 hp.
Your shadow wraith disappears in a puff of smoke!
The sun demon is distracted by your dazzling golden aura. 😕 HP[+1]
Your wraith disappears in a puff of smoke! 😕 HP[+2]
You regained 2 hp, and now have 209/215 hp. 😕 HP[+1] 😕 HP[+1] 😕 HP[+2]
You regained 2 hp, and now have 213/215 hp. 😕 HP[+1] 😎 HP[+1]
Your hp is fully restored (215).
You reach down and open the door.
There is an open door here.
There is an open door here.
Aiming: Dig
Press: ? - help, Shift-Dir - straight line A rock wall.
This square is covered in magical glow.
The rock shatters into small pieces.
Your extra speed is starting to run out.
You feel yourself slow down.
There is a staircase leading out of the dungeon here.
You have escaped!

Skill      XL: |  1  2  3  4  5  6  7  8  9 10 11 12 13 14 15 16 17 18 19 20 21 22 23 24 25 26 27 |
---------------+----------------------------------------------------------------------------------+-----
Spellcasting   | 4 5 6 7 8 9 11 12 14 16 18 20 21 24 | 24.0
Conjurations   | 4 5 6 7 8 9 11 12 14 16 18 20 21 24 | 24.0
Hexes          | 4 5 6 7 8 9 11 12 14 16 18 20 21 24 | 24.0
Summonings     | 4 5 6 7 8 9 11 12 14 16 18 20 21 24 | 24.0
Necromancy     | 4 5 6 7 8 9 11 12 14 16 18 20 21 24 | 24.0
Translocations | 4 5 6 7 8 9 11 12 14 16 18 20 21 24 | 24.0
Transmutations | 4 5 6 7 8 9 11 12 14 16 18 20 21 24 | 24.0
Fire Magic     | 4 5 6 7 8 9 11 12 14 16 18 20 21 24 | 24.0
Ice Magic      | 4 5 6 7 8 9 11 12 14 16 18 20 21 24 | 24.0
Air Magic      | 4 5 6 7 8 9 11 12 14 16 18 20 21 24 | 24.0
Earth Magic    | 4 5 6 7 8 9 11 12 14 16 18 20 21 24 | 24.0
Poison Magic   | 4 5 6 7 8 9 11 12 14 16 18 20 21 24 | 24.0
Fighting       | 1 2 3 5 6 8 10 11 12 14 15 16 18 20 22 23 | 23.1
Stealth        | 3 8 |  8.0
Dodging        | 6 8 10 12 13 14 16 20 22 23 | 23.0
Axes           | 2 6 |  6.0
Evocations     | 4 6 8 10 | 10.0
Armour         | 3 6 8 |  8.0
Shields        | 6 7 |  7.0
Short Blades   | 9 12 14 | 14.0

Action                     |  1- 3 |  4- 6 |  7- 9 | 10-12 | 13-15 | 16-18 | 19-21 | 22-24 | 25-27 || total
---------------------------+-------+-------+-------+-------+-------+-------+-------+-------+-------++-------
  Melee: Short sword       |     2 |       |       |       |       |       |       |       |       ||     2
         Whip              |       |    16 |    24 |       |       |       |       |       |       ||    40
         War axe           |       |       |     3 |   234 |   238 |   206 |       |       |       ||   681
         Punch             |       |       |     1 |     2 |     3 |       |       |       |       ||     6
         Hand axe          |       |       |       |       |     2 |       |     7 |       |       ||     9
         Quick blade       |       |       |       |       |       |   149 |   822 |  1270 |  1878 ||  4119
         Rapier            |       |       |       |       |       |       |       |       |   243 ||   243
   Cast: Shock             |    79 |   141 |   119 |   205 |       |       |       |       |       ||   544
         Poisonous Vapours |       |     3 |     7 |    36 |    48 |    13 |       |       |       ||   107
         Static Discharge  |       |     3 |     6 |     4 |       |       |       |       |       ||    13
         Swiftness         |       |     1 |       |       |     1 |       |       |       |       ||     2
         Volatile Blastmot |       |       |    23 |    75 |    16 |       |       |       |       ||   114
         Airstrike         |       |       |     3 |    45 |   303 |   213 |     1 |     2 |       ||   567
         Sticky Flame      |       |       |       |    15 |     9 |     4 |       |       |       ||    28
         Manifold Assault  |       |       |       |    43 |     3 |     6 |     2 |       |       ||    54
         Summon Mana Viper |       |       |       |       |   119 |    81 |     8 |     2 |       ||   210
         Summon Cactus Gia |       |       |       |       |    48 |    56 |    11 |     5 |       ||   120
         Summon Hydra      |       |       |       |       |       |   132 |   112 |    53 |     8 ||   305
         Ozocubu's Refrige |       |       |       |       |       |       |   178 |   162 |     7 ||   347
         Enfeeble          |       |       |       |       |       |       |     1 |    43 |    77 ||   121
         Haunt             |       |       |       |       |       |       |       |   104 |   145 ||   249
         Ignition          |       |       |       |       |       |       |       |       |   208 ||   208
 Invoke: Call Merchant     |       |       |       |     1 |     3 |     2 |     1 |     1 |       ||     8
         Potion Petition   |       |       |       |       |       |     1 |       |       |     3 ||     4
         Bribe Branch      |       |       |       |       |       |       |       |       |     2 ||     2
  Evoke: Wand              |       |       |       |     6 |     2 |     3 |     2 |       |     3 ||    16
         Lightning rod     |       |       |       |       |       |     5 |     5 |       |       ||    10
         Box of beasts     |       |       |       |       |       |     1 |     1 |       |     1 ||     3
    Use: Scroll            |       |     9 |     7 |     6 |     6 |    10 |     6 |     5 |    11 ||    60
         Potion            |       |       |       |     1 |     1 |     1 |       |     1 |     4 ||     8
   Stab: Distracted        |       |       |       |     1 |     2 |     9 |    11 |    21 |    32 ||    76
         Sleeping          |       |       |       |     1 |       |     5 |    24 |    15 |    14 ||    59
         Invisible         |       |       |       |       |       |       |       |    51 |    66 ||   117
 Armour: Robe              |     7 |    34 |    60 |    28 |       |    59 |   165 |   180 |   107 ||   640
         Leather armour    |       |       |       |   148 |    30 |       |       |       |       ||   178
         Ring mail         |       |       |       |       |   149 |   175 |       |       |       ||   324
         Troll leather arm |       |       |       |       |       |       |       |       |   177 ||   177
  Dodge: Dodged            |     6 |    44 |    71 |   186 |   370 |   426 |   375 |   472 |   936 ||  2886
  Block: Buckler           |       |       |       |       |    21 |   209 |   164 |   165 |   384 ||   943

Levels and vault maps discovered:
D:1:      psy_arrival_conway, layout_loops_corners,
          dreamdust_ecumenical_altar_grove, amcnicky_mini_pool_small
D:2:      layout_basic, serial_shops, shop
D:3:      layout_basic
D:4:      layout_basic, makhleb_blood_cavern_becter, serial_shops,
          nicolae_inconvenience_store, chequers_ossuary_entry_cave, st_stairs_5,
          kennysheep_generic_room_10
D:5:      layout_rooms, minmay_temple_entry_stoned_glass, serial_shops,
          nicolae_shop_peninsula, uniq_eustachio
D:6:      layout_basic, lemuel_mausoleum_altar_yredelemnul,
          nicolae_stop_n_shop_1
D:7:      wad_woods_stonehenge, layout_rooms, nemelex_diamond_rough_becter,
          nicolae_shop_sticking_my_neck_out
D:8:      layout_basic, grunt_decor_cap, hex_large, dreamdust_princess_corridor,
          uniq_maurice
D:9:      layout_loops_corners, okawaru_altar_gauntlet_db, david_orc_5,
          nrook_loot_triangle
D:10:     minmay_separated_statues, layout_stronghold,
          erik_lair_orcish_takeover, serial_shops, shop, serial_ice,
          serial_ice_l, serial_ice_m, serial_ice_a, serial_ice_o, serial_ice_f,
          serial_ice_d, uniq_maggie
D:11:     layout_loops_ring
D:12:     layout_rooms, serial_curves, eino_curves_03, eino_curves_03,
          st_stairs_1
D:13:     layout_stronghold, hellmonk_vaults_attempted_burglary, zin_academy
D:14:     layout_roguey, uniq_josephine, uniq_louise
D:15:     gammafunk_enter_depths_forms, layout_loops_cross
Temple:   mainiacjoe_temple_coin_purse
Lair:1:   layout_loops_ring, serial_bayou_shore_a, uniq_amaemon
Lair:2:   layout_small_grid, palyth_hydra_swamp_entry,
          spider_nest_entry_funnel_web, nicolae_volcano_entry_lava_flow,
          beast_lair_carwin_11, uniq_gastronok, uniq_fannar
Lair:3:   layout_regular_city, nzn_sisyphean_effort
Lair:4:   layout_cave_pods
Lair:5:   cheibrodos_lair_end_hotspot, layout_long_grid,
          dpeg_slime_entry_corner, minivault_26, kennysheep_rathole
Swamp:1:  layout_basic_swamp, gammafunk_ghost_hydra_chop,
          evilmike_swamp_ruin_rubble_2
Swamp:2:  layout_falls_marsh, evilmike_swamp_ruin_house_2, swamp_pool1
Swamp:3:  layout_basic_swamp, hangedman_swamp_pad, infiniplex_staircase_pool_2
Swamp:4:  byrel_swamp_growth_death_and_undeath, layout_basic_swamp,
          beargit_kiku_chapel
Spider:1: layout_cave_pods, drop_trap, einodemon_crawler_minivault, uniq_nikola,
          uniq_roxanne
Spider:2: nicolae_spider_mines_1, nicolae_spider_paper_wasps
Spider:3: layout_spider_delve, uniq_agnes
Spider:4: grunt_spider_rune_parallel
Orc:1:    layout_caves
Orc:2:    grunt_orc_community_town_hall, layout_diamond_mine,
          grunt_orc_community_big_house_1, grunt_orc_community_big_house_1,
          grunt_orc_community_house_1, grunt_orc_community_house_3,
          grunt_orc_community_house_1, grunt_orc_community_house_1,
          nooodl_orcs_dogs
Elf:1:    minmay_elf_arrival_circle, layout_geoelf_octagon, basic_altar,
          minmay_elf_crystal_heptagon, uniq_jorgrun
Elf:2:    nicolae_elf_blades_splatter_lattice [nicolae_blade_tridents],
          layout_geoelf_diagonals, evilmike_spriggan_trog_shrine
Elf:3:    minmay_elf_hall_not_hex, layout_geoelf_castle
Vaults:1: vaults_mumra_minichess_inversion, nicolae_vaults_little_squares_3,
          v_misc_2, st_spiral_rooms, nicolae_vaults_storage_closets_3,
          nicolae_vaults_lightning_bolt, hangedman_vaults_variations,
          vaults_room_fancy_cross, nicolae_vaults_wine_cellar,
          vaults_room_stairs_pillars, vaults_mumra_hex, ontoclasm_vaults_twist,
          layout_vaults_omnibox, uniq_zenata
Vaults:2: grunt_vaults_diagonal, nicolae_vaults_trapezoid_lopsided_4, v_misc_1,
          v_misc_18, nicolae_vaults_trapezoid_1, nicolae_vaults_cornered_office,
          nicolae_vaults_closet_pinwheel_6, minmay_crypt_entry_skeletal_spiral,
          nicolae_vaults_sesquioval_fish, nicolae_vaults_wrenched,
          vaults_dpeg_hooks, nicolae_vaults_angled_halls,
          ontoclasm_vaults_decontamination, nicolae_vaults_tetromino_T_1,
          layout_vaults_ring, uniq_sojobo
Vaults:3: portal_desolation_entry_salt, nicolae_vaults_little_squares_3,
          v_misc_16, nicolae_vaults_turnstiles, vaults_mumra_minichess,
          v_misc_15, ontoclasm_vaults_eye, nicolae_vaults_sealed_display,
          nicolae_vaults_six-pack, nicolae_vaults_border_crossing,
          layout_vaults_omnigrid
Vaults:4: nicolae_vaults_offset_grid_hallway_1, v_misc_22,
          nicolae_vaults_shipping_containers_7, nicolae_vaults_surprise_closet,
          v_misc_29, v_rooms_6, nicolae_vaults_little_squares_6,
          vaults_room_pool, layout_vaults_big_room, serial_shops,
          nicolae_shop_real_fake_doors
Vaults:5
Crypt:1:  layout_catacombs, basic_altar, infiniplex_enter_wizlab_water,
          nzn_ghost_randoct, moated_statue, lemuel_upstairs_altar
Crypt:2:  layout_chaotic_city, serial_co_window_serial,
          co_window_of_opportunity_a, co_window_corner_a, co_window_paths_b,
          co_window_corner_a, co_window_paths_a, co_window_2corner,
          co_window_corner_b, co_window_broadway_a, co_window_4corner_a,
          glass_columns_a, glass_columns_a, glass_columns_a, basic_altar,
          minmay_misc_feat_rows, nicolae_crypt_cryptocurrency,
          ebering_dispersal_statue_hall, uniq_margery
Crypt:3:  quadcrypt_mu, uniq_grunn
Depths:1: layout_cave_pools, enter_ziggurat_d, nicolae_trove_entry_isolated,
          grunt_hell_entry_dis_old, elyvilon_altar_5, dreamdust_wishing_well,
          uniq_saint_roka
Depths:2: minmay_bloctagon, layout_long_grid, pan_entry, abyss_entry,
          hell_entry, basic_altar, minmay_staircase_windowed_small,
          firewood_loft, serial_bayou_shore_b
Depths:3: pf_snail_temple, layout_small_grid, pf_hell_entry_tar_spiral,
          pan_entry, abyss_entry_flame_altar, minmay_holes,
          minmay_hollow_rounded_squares, uniq_norris, uniq_vv, uniq_jory
Depths:4: grunt_zot_entry_pinwheel, layout_cave_pools, hell_entry, serial_bayou,
          serial_bayou_pond_b, serial_bayou_pond_c, serial_bayou_lagoon_a,
          serial_bayou_crossing, nicolae_qazlal_style_of_elements, uniq_mennas
Zot:1:    grunt_deathspiral_small, layout_concentric_octagons
Zot:2:    layout_cathedral_of_symmetry, st_stairs_5
Zot:3:    layout_concentric_octagons, lemuel_golem_globe
Zot:4:    dreamdust_zin_vs_xom, layout_basic, hangedman_zot_decor_scrapings,
          st_stairs_3
Zot:5:    layout_twisted_circle

Notes
Turn   | Place    | Note
-------+----------+-------------------------------------------
     0 | D:1      | Reached skill level 3 in Spellcasting
     0 | D:1      | Reached skill level 3 in Conjurations
     0 | D:1      | Reached skill level 3 in Hexes
     0 | D:1      | Reached skill level 3 in Summonings
     0 | D:1      | Reached skill level 3 in Necromancy
     0 | D:1      | Reached skill level 3 in Translocations
     0 | D:1      | Reached skill level 3 in Transmutations
     0 | D:1      | Reached skill level 3 in Fire Magic
     0 | D:1      | Reached skill level 3 in Ice Magic
     0 | D:1      | Reached skill level 3 in Air Magic
     0 | D:1      | Reached skill level 3 in Earth Magic
     0 | D:1      | Reached skill level 3 in Poison Magic
     0 | D:1      | MackTheKnife the Djinni Air Elementalist began the quest
                  | for the Orb.
     0 | D:1      | MackTheKnife set off with the following spells memorised:
                  | Shock, Static Discharge, Swiftness, Airstrike.
     0 | D:1      | Reached XP level 1. HP: 15/15 MP: 0/0
     0 | D:1      | magus.rc [v1.9.6]
   346 | D:1      | Reached XP level 2. HP: 18/21 MP: 0/0
   832 | D:1      | Found a faded altar of an unknown god.
  1015 | D:2      | Reached XP level 3. HP: 21/25 MP: 0/0
  1015 | D:2      | Learned a level 1 spell: Freeze
  1515 | D:2      | Identified the +8 hand axe "Ittahyume" {drain, rC- Will+++
                  | Int+4}
  1532 | D:2      | Found Gememoth's General Store.
  1548 | D:2      | Identified the +3 whip "Genociewem" {heavy, rPois rF+}
  1790 | D:3      | Identified the amulet of Xom's Recklessness {Acrobat rPois
                  | rC+ rN+ Dex-3 SInv}
  2035 | D:3      | Reached XP level 4. HP: 26/31 MP: 0/0
  2066 | D:3      | Reached skill level 4 in Spellcasting
  2066 | D:3      | Reached skill level 4 in Conjurations
  2066 | D:3      | Reached skill level 4 in Hexes
  2066 | D:3      | Reached skill level 4 in Summonings
  2066 | D:3      | Reached skill level 4 in Necromancy
  2066 | D:3      | Reached skill level 4 in Translocations
  2066 | D:3      | Reached skill level 4 in Transmutations
  2066 | D:3      | Reached skill level 4 in Fire Magic
  2066 | D:3      | Reached skill level 4 in Ice Magic
  2066 | D:3      | Reached skill level 4 in Air Magic
  2066 | D:3      | Reached skill level 4 in Earth Magic
  2066 | D:3      | Reached skill level 4 in Poison Magic
  2212 | D:3      | Reached skill level 1 in Fighting
  2212 | D:3      | Reached XP level 5. HP: 34/37 MP: 0/0
  2212 | D:3      | Learned a level 2 spell: Poisonous Vapours
  2760 | D:4      | Reached skill level 2 in Fighting
  2765 | D:4      | HP: 6/38 [iguana (11)]
  2926 | D:4      | Reached XP level 6. HP: 40/44 MP: 0/0
  3146 | D:4      | Found Wulac's Assorted Antiques.
  3342 | D:4      | Noticed an ogre
  3343 | D:4      | Found a sand-covered staircase.
  3350 | Ossuary  | Entered an ossuary
  3454 | Ossuary  | Reached skill level 3 in Fighting
  3798 | D:4      | Reached skill level 5 in Spellcasting
  3798 | D:4      | Reached skill level 5 in Conjurations
  3798 | D:4      | Reached skill level 5 in Hexes
  3798 | D:4      | Reached skill level 5 in Summonings
  3798 | D:4      | Reached skill level 5 in Necromancy
  3798 | D:4      | Reached skill level 5 in Translocations
  3798 | D:4      | Reached skill level 5 in Transmutations
  3798 | D:4      | Reached skill level 5 in Fire Magic
  3798 | D:4      | Reached skill level 5 in Ice Magic
  3798 | D:4      | Reached skill level 5 in Air Magic
  3798 | D:4      | Reached skill level 5 in Earth Magic
  3798 | D:4      | Reached skill level 5 in Poison Magic
  3804 | D:4      | Killed an ogre
  3805 | D:4      | Reached XP level 7. HP: 22/51 MP: 0/0
  3805 | D:4      | Learned a level 3 spell: Volatile Blastmotes
  4189 | D:4      | Found a burning altar of Makhleb.
  4193 | D:4      | Reached skill level 4 in Fighting
  4439 | D:5      | Entered Level 5 of the Dungeon
  4440 | D:5      | Found a staircase to the Ecumenical Temple.
  4455 | Temple   | Entered the Ecumenical Temple
  4468 | Temple   | Became a worshipper of Gozag Ym Sagoz the Greedy
  4525 | D:5      | Noticed Eustachio
  4541 | D:5      | Reached skill level 5 in Fighting
  4541 | D:5      | Reached XP level 8. HP: 42/59 MP: 0/0
  4544 | D:5      | Killed Eustachio
  4619 | D:5      | Reached skill level 6 in Spellcasting
  4619 | D:5      | Reached skill level 6 in Conjurations
  4619 | D:5      | Reached skill level 6 in Hexes
  4619 | D:5      | Reached skill level 6 in Summonings
  4619 | D:5      | Reached skill level 6 in Necromancy
  4619 | D:5      | Reached skill level 6 in Translocations
  4619 | D:5      | Reached skill level 6 in Transmutations
  4619 | D:5      | Reached skill level 6 in Fire Magic
  4619 | D:5      | Reached skill level 6 in Ice Magic
  4619 | D:5      | Reached skill level 6 in Air Magic
  4619 | D:5      | Reached skill level 6 in Earth Magic
  4619 | D:5      | Reached skill level 6 in Poison Magic
  4969 | D:5      | Found Jupn's Weapon Boutique.
  5062 | D:5      | Noticed a yak
  5063 | D:5      | Noticed a yak
  5063 | D:5      | Noticed a yak
  5081 | D:5      | Reached skill level 6 in Fighting
  5093 | D:5      | Noticed a yak
  5094 | D:5      | Noticed a yak
  5097 | D:4      | Killed a yak
  5302 | D:5      | Noticed a yak
  5304 | D:5      | Killed a yak
  5305 | D:5      | Reached XP level 9. HP: 62/67 MP: 0/0
  5305 | D:5      | Learned a level 4 spell: Manifold Assault
  5310 | D:5      | Reached skill level 7 in Fighting
  5312 | D:5      | Reached skill level 7 in Spellcasting
  5312 | D:5      | Reached skill level 7 in Conjurations
  5312 | D:5      | Reached skill level 7 in Hexes
  5312 | D:5      | Reached skill level 7 in Summonings
  5312 | D:5      | Reached skill level 7 in Necromancy
  5312 | D:5      | Reached skill level 7 in Translocations
  5312 | D:5      | Reached skill level 7 in Transmutations
  5312 | D:5      | Reached skill level 7 in Fire Magic
  5312 | D:5      | Reached skill level 7 in Ice Magic
  5312 | D:5      | Reached skill level 7 in Air Magic
  5312 | D:5      | Reached skill level 7 in Earth Magic
  5312 | D:5      | Reached skill level 7 in Poison Magic
  5561 | D:6      | Found Heaw's Distillery.
  5564 | D:6      | Bought a potion of heal wounds for 70 gold pieces
  5845 | D:6      | Reached skill level 8 in Fighting
  5942 | D:6      | HP: 17/70 [centaur/arrow (5)]
  6489 | D:6      | Identified the +6 war axe "Akaecies" {vamp, rPois Int+4}
  6898 | D:6      | Reached XP level 10. HP: 60/77 MP: 0/0
  7216 | D:6      | Reached skill level 9 in Fighting
  7218 | D:6      | Reached skill level 8 in Spellcasting
  7218 | D:6      | Reached skill level 8 in Conjurations
  7218 | D:6      | Reached skill level 8 in Hexes
  7218 | D:6      | Reached skill level 8 in Summonings
  7218 | D:6      | Reached skill level 8 in Necromancy
  7218 | D:6      | Reached skill level 8 in Translocations
  7218 | D:6      | Reached skill level 8 in Transmutations
  7218 | D:6      | Reached skill level 8 in Fire Magic
  7218 | D:6      | Reached skill level 8 in Ice Magic
  7218 | D:6      | Reached skill level 8 in Air Magic
  7218 | D:6      | Reached skill level 8 in Earth Magic
  7218 | D:6      | Reached skill level 8 in Poison Magic
  7349 | D:6      | Found a basalt altar of Yredelemnul.
  7657 | D:7      | Reached skill level 10 in Fighting
  7730 | D:7      | Found a sparkling altar of Nemelex Xobeh.
  7841 | D:6      | magus.rc [v1.9.6]
  7948 | D:7      | Found a sparkling altar of Nemelex Xobeh.
  8006 | D:7      | Reached skill level 2 in Stealth
  8196 | D:7      | Reached skill level 3 in Dodging
  8326 | D:7      | Found Judounuc's Neck Hole.
  8517 | D:8      | Noticed a two-headed ogre
  8523 | D:8      | Killed a two-headed ogre
  8524 | D:8      | Reached skill level 4 in Dodging
  8524 | D:8      | Reached skill level 3 in Stealth
  8679 | D:8      | Reached skill level 5 in Dodging
  9105 | D:8      | Noticed Maurice
  9111 | D:8      | Maurice stole a staff of cold {!astaff}
  9112 | D:8      | Maurice stole 2 throwing nets {=f!fthrowing}
  9118 | D:8      | Killed Maurice
  9119 | D:8      | Reached skill level 6 in Dodging
  9119 | D:8      | Reached skill level 1 in Axes
  9424 | D:8      | Identified the +0 leather armour "Poen" {Int+4}
  9772 | D:6      | Bought a pair of glowing gloves for 285 gold pieces
  9884 | D:9      | Reached skill level 2 in Axes
  9973 | D:9      | Noticed a two-headed ogre
 10089 | D:9      | Reached XP level 11. HP: 73/85 MP: 0/0
 10089 | D:9      | Learned a level 4 spell: Sticky Flame
 10095 | D:9      | Found a staircase to the Orcish Mines.
 10126 | D:9      | Reached skill level 3 in Axes
 10129 | D:9      | Killed a two-headed ogre
 10130 | D:9      | Reached skill level 4 in Axes
 10510 | D:9      | Reached skill level 5 in Axes
 10872 | D:9      | Found an iron altar of Okawaru.
 11126 | D:10     | Entered Level 10 of the Dungeon
 11249 | D:10     | Found a staircase to the Lair.
 11267 | D:10     | Noticed a two-headed ogre
 11280 | D:10     | Killed a two-headed ogre
 11281 | D:10     | Reached skill level 6 in Axes
 11281 | D:10     | Reached skill level 1 in Evocations
 11416 | D:10     | Noticed an obsidian statue
 11607 | D:10     | Found Ihasaqism's Antique Armour Shoppe.
 11614 | D:10     | Bought a slimy orb for 322 gold pieces
 11614 | D:10     | Identified the orb of Daerr {*Rage, +Inv rN++ Dex+3} (You
                  | bought it in a shop on level 10 of the Dungeon)
 11628 | D:10     | Reached skill level 2 in Evocations
 11969 | D:10     | Noticed a two-headed ogre
 12006 | D:10     | Killed a two-headed ogre
 12007 | D:10     | Reached skill level 3 in Evocations
 12103 | D:10     | Noticed an orange crystal statue
 12398 | D:10     | Identified the +5 mace of the Eight Olives {pain, rPois rC-
                  | Int+2}
 12455 | D:10     | Noticed Maggie
 12509 | D:10     | Killed Maggie
 12510 | D:10     | Reached skill level 11 in Fighting
 12519 | D:10     | Reached skill level 4 in Evocations
 13087 | Lair:1   | Entered Level 1 of the Lair of Beasts
 13088 | Lair:1   | magus.rc [v1.9.6]
 13225 | D:10     | Reached XP level 12. HP: 47/94 MP: 0/0
 13386 | D:10     | Reached skill level 5 in Evocations
 13853 | Lair:1   | Reached skill level 6 in Evocations
 13962 | Lair:1   | Reached skill level 12 in Fighting
 14023 | Lair:1   | Reached skill level 7 in Dodging
 14313 | Lair:1   | You are sucked into a shaft and drop 1 floor!
 14517 | Lair:1   | Noticed a death yak
 14517 | Lair:1   | Noticed a death yak
 14517 | Lair:1   | Noticed a death yak
 14635 | Lair:1   | Noticed a death yak
 14636 | Lair:1   | Noticed a death yak
 14636 | Lair:1   | Noticed a death yak
 14664 | Lair:1   | Killed a death yak
 14665 | Lair:1   | Reached skill level 8 in Dodging
 14747 | Lair:1   | Killed a death yak
 14753 | Lair:1   | HP: 23/95 [death yak (10)]
 14768 | Lair:1   | Killed a death yak
 14770 | Lair:1   | Killed a death yak
 14774 | Lair:1   | Killed a death yak
 14883 | Lair:1   | Killed a death yak
 14884 | Lair:1   | Reached skill level 9 in Spellcasting
 14884 | Lair:1   | Reached skill level 9 in Conjurations
 14884 | Lair:1   | Reached skill level 9 in Hexes
 14884 | Lair:1   | Reached skill level 9 in Summonings
 14884 | Lair:1   | Reached skill level 9 in Necromancy
 14884 | Lair:1   | Reached skill level 9 in Translocations
 14884 | Lair:1   | Reached skill level 9 in Transmutations
 14884 | Lair:1   | Reached skill level 9 in Fire Magic
 14884 | Lair:1   | Reached skill level 9 in Ice Magic
 14884 | Lair:1   | Reached skill level 9 in Air Magic
 14884 | Lair:1   | Reached skill level 9 in Earth Magic
 14884 | Lair:1   | Reached skill level 9 in Poison Magic
 15061 | Lair:1   | Noticed Amaemon
 15128 | Lair:1   | Killed Amaemon
 15129 | Lair:1   | Reached XP level 13. HP: 100/101 MP: 0/0
 15129 | Lair:1   | Learned a level 5 spell: Summon Mana Viper
 16007 | Lair:2   | Noticed Fannar
 16013 | Lair:2   | Reached skill level 10 in Spellcasting
 16013 | Lair:2   | Reached skill level 10 in Conjurations
 16013 | Lair:2   | Reached skill level 10 in Hexes
 16013 | Lair:2   | Reached skill level 10 in Summonings
 16013 | Lair:2   | Reached skill level 10 in Necromancy
 16013 | Lair:2   | Reached skill level 10 in Translocations
 16013 | Lair:2   | Reached skill level 10 in Transmutations
 16013 | Lair:2   | Reached skill level 10 in Fire Magic
 16013 | Lair:2   | Reached skill level 10 in Ice Magic
 16013 | Lair:2   | Reached skill level 10 in Air Magic
 16013 | Lair:2   | Reached skill level 10 in Earth Magic
 16013 | Lair:2   | Reached skill level 10 in Poison Magic
 16017 | Lair:2   | Killed Fannar
 16453 | Lair:2   | Noticed Gastronok
 16460 | Lair:2   | Killed Gastronok
 16716 | Lair:2   | Noticed a four-headed hydra
 16731 | Lair:2   | Killed a four-headed hydra
 16877 | Lair:2   | Noticed an eight-headed hydra
 16882 | Lair:2   | Reached skill level 11 in Spellcasting
 16882 | Lair:2   | Reached skill level 11 in Conjurations
 16882 | Lair:2   | Reached skill level 11 in Hexes
 16882 | Lair:2   | Reached skill level 11 in Summonings
 16882 | Lair:2   | Reached skill level 11 in Necromancy
 16882 | Lair:2   | Reached skill level 11 in Translocations
 16882 | Lair:2   | Reached skill level 11 in Transmutations
 16882 | Lair:2   | Reached skill level 11 in Fire Magic
 16882 | Lair:2   | Reached skill level 11 in Ice Magic
 16882 | Lair:2   | Reached skill level 11 in Air Magic
 16882 | Lair:2   | Reached skill level 11 in Earth Magic
 16882 | Lair:2   | Reached skill level 11 in Poison Magic
 16927 | Lair:2   | Killed an eight-headed hydra
 17765 | Lair:2   | Found a hole to the Spider Nest.
 17916 | Lair:2   | Noticed a five-headed hydra
 17921 | Lair:2   | Killed a five-headed hydra
 18111 | Lair:2   | Found a staircase to the Swamp.
 18214 | Lair:1   | Bought a fading cloak for 361 gold pieces
 18214 | Lair:1   | Identified the -1 cloak of Dishonour {Int+6} (You bought it
                  | in a shop on level 1 of the Lair of Beasts)
 18406 | D:6      | Bought a faintly humming ring mail for 342 gold pieces
 18406 | D:6      | Identified the +6 ring mail of Yredelemnul's Wrath {Dex+3}
                  | (You bought it in a shop on level 6 of the Dungeon)
 18661 | Lair:3   | Reached skill level 1 in Armour
 18860 | Lair:3   | Reached skill level 2 in Armour
 18950 | Lair:3   | Reached skill level 3 in Armour
 19220 | Lair:3   | Reached XP level 14. HP: 96/107 MP: 0/0
 19551 | Lair:3   | Reached skill level 4 in Armour
 19551 | Lair:3   | Reached skill level 12 in Spellcasting
 19551 | Lair:3   | Reached skill level 12 in Conjurations
 19551 | Lair:3   | Reached skill level 12 in Hexes
 19551 | Lair:3   | Reached skill level 12 in Summonings
 19551 | Lair:3   | Reached skill level 12 in Necromancy
 19551 | Lair:3   | Reached skill level 12 in Translocations
 19551 | Lair:3   | Reached skill level 12 in Transmutations
 19551 | Lair:3   | Reached skill level 12 in Fire Magic
 19551 | Lair:3   | Reached skill level 12 in Ice Magic
 19551 | Lair:3   | Reached skill level 12 in Air Magic
 19551 | Lair:3   | Reached skill level 12 in Earth Magic
 19551 | Lair:3   | Reached skill level 12 in Poison Magic
 19552 | Lair:3   | magus.rc [v1.9.6]
 19552 | Lair:3   | magus.rc [v1.9.6]
 19552 | Lair:3   | magus.rc [v1.9.6]
 19776 | Lair:3   | Reached skill level 5 in Armour
 20325 | Lair:4   | Reached skill level 6 in Armour
 20596 | Lair:4   | Reached skill level 9 in Dodging
 21039 | Lair:4   | Reached skill level 10 in Dodging
 21628 | Lair:5   | Entered Level 5 of the Lair of Beasts
 21706 | Lair:5   | Reached skill level 7 in Evocations
 22008 | Lair:5   | magus.rc [v1.9.6]
 22374 | Lair:5   | Reached skill level 8 in Evocations
 23404 | Lair:5   | Reached XP level 15. HP: 100/113 MP: 0/0
 23404 | Lair:5   | Learned a level 6 spell: Summon Cactus Giant
 23520 | Lair:5   | Reached skill level 11 in Dodging
 23607 | Lair:5   | Found a large runed translucent door.
 23608 | Lair:5   | Found a large runed translucent door.
 24011 | Lair:5   | Reached skill level 13 in Fighting
 24140 | Lair:5   | Found a viscous altar of Jiyva.
 24140 | Lair:5   | Found a staircase to the Slime Pits.
 24243 | Lair:5   | Identified the +4 robe of Fashionability {Fly rElec rF-
                  | Str+2}
 24489 | Orc:1    | Entered Level 1 of the Orcish Mines
 24876 | Orc:2    | Entered Level 2 of the Orcish Mines
 24971 | Orc:2    | Found a staircase to the Elven Halls.
 25269 | Orc:2    | Found Amaud's Antique Armour Emporium.
 25426 | Orc:2    | Gained mutation: You are dopey. (Int -2) [a neqoxec]
 25479 | Orc:2    | Found Zunal's Antique Armour Shoppe.
 26270 | Orc:2    | Reached skill level 12 in Dodging
 26396 | Orc:2    | Noticed an orc warlord
 26730 | Orc:2    | Killed an orc warlord
 26872 | Orc:2    | Reached skill level 14 in Fighting
 26935 | Orc:2    | Found Ruokhlud's Antique Armour Shoppe.
 26946 | Orc:2    | Found Osief's Antique Weapon Emporium.
 27085 | Orc:1    | Noticed an orc warlord
 27248 | Orc:1    | Killed an orc warlord
 27609 | D:9      | Bought a masterwork buckler for 285 gold pieces
 27609 | D:9      | Identified the +2 buckler "Voitiese" {Dex+4 Stlth+} (You
                  | bought it in a shop on level 9 of the Dungeon)
 27614 | D:9      | Bought a runed helmet for 225 gold pieces
 27625 | D:9      | magus.rc [v1.9.6]
 27813 | D:11     | Reached skill level 1 in Shields
 27854 | D:11     | Reached skill level 2 in Shields
 28719 | D:12     | Reached skill level 3 in Shields
 28914 | D:12     | Reached skill level 4 in Shields
 29149 | D:12     | You are sucked into a shaft and drop 3 floors!
 29149 | D:15     | Entered Level 15 of the Dungeon
 29409 | D:14     | Reached skill level 5 in Shields
 29412 | D:14     | Noticed Louise
 29442 | D:14     | Killed Louise
 29650 | D:14     | Reached skill level 6 in Shields
 29870 | D:13     | Reached XP level 16. HP: 115/123 MP: 0/0
 29968 | D:13     | Found a glowing silver altar of Zin.
 31302 | D:13     | Found a gate to the Vaults.
 31558 | D:14     | Reached skill level 13 in Spellcasting
 31558 | D:14     | Reached skill level 13 in Conjurations
 31558 | D:14     | Reached skill level 13 in Hexes
 31558 | D:14     | Reached skill level 13 in Summonings
 31558 | D:14     | Reached skill level 13 in Necromancy
 31558 | D:14     | Reached skill level 13 in Translocations
 31558 | D:14     | Reached skill level 13 in Transmutations
 31558 | D:14     | Reached skill level 13 in Fire Magic
 31558 | D:14     | Reached skill level 13 in Ice Magic
 31558 | D:14     | Reached skill level 13 in Air Magic
 31558 | D:14     | Reached skill level 13 in Earth Magic
 31558 | D:14     | Reached skill level 13 in Poison Magic
 31763 | D:14     | Noticed Josephine
 31786 | D:14     | Killed Josephine
 33093 | D:15     | Reached skill level 14 in Spellcasting
 33093 | D:15     | Reached skill level 14 in Conjurations
 33093 | D:15     | Reached skill level 14 in Hexes
 33093 | D:15     | Reached skill level 14 in Summonings
 33093 | D:15     | Reached skill level 14 in Necromancy
 33093 | D:15     | Reached skill level 14 in Translocations
 33093 | D:15     | Reached skill level 14 in Transmutations
 33093 | D:15     | Reached skill level 14 in Fire Magic
 33093 | D:15     | Reached skill level 14 in Ice Magic
 33093 | D:15     | Reached skill level 14 in Air Magic
 33093 | D:15     | Reached skill level 14 in Earth Magic
 33093 | D:15     | Reached skill level 14 in Poison Magic
 33216 | D:15     | Reached skill level 7 in Armour
 33259 | D:15     | Found a staircase to the Depths.
 33812 | Swamp:1  | Entered Level 1 of the Swamp
 33826 | Lair:2   | magus.rc [v1.9.6]
 33834 | Swamp:1  | Reached skill level 8 in Armour
 34055 | Swamp:1  | Found a runed translucent gate.
 34056 | Swamp:1  | Found a runed translucent gate.
 34057 | Swamp:1  | Found a runed translucent gate.
 34107 | Swamp:1  | Noticed Foxy's ghost (adept GrFi)
 34208 | Swamp:1  | Reached XP level 17. HP: 113/129 MP: 0/0
 34208 | Swamp:1  | Learned a level 7 spell: Summon Hydra
 35286 | Swamp:1  | Killed Foxy's ghost
 35481 | Swamp:1  | Identified the +5 broad axe of a Million Seas {drain, rCorr
                  | Str+3 SInv}
 35497 | Swamp:1  | Bought a scroll of identify for 34 gold pieces
 35499 | Swamp:1  | Bought a scroll of identify for 34 gold pieces
 35500 | Swamp:1  | magus.rc [v1.9.6]
 35676 | Swamp:2  | Noticed a thorn hunter
 36587 | Swamp:2  | Reached skill level 15 in Spellcasting
 36587 | Swamp:2  | Reached skill level 15 in Conjurations
 36587 | Swamp:2  | Reached skill level 15 in Hexes
 36587 | Swamp:2  | Reached skill level 15 in Summonings
 36587 | Swamp:2  | Reached skill level 15 in Necromancy
 36587 | Swamp:2  | Reached skill level 15 in Translocations
 36587 | Swamp:2  | Reached skill level 15 in Transmutations
 36587 | Swamp:2  | Reached skill level 15 in Fire Magic
 36587 | Swamp:2  | Reached skill level 15 in Ice Magic
 36587 | Swamp:2  | Reached skill level 15 in Air Magic
 36587 | Swamp:2  | Reached skill level 15 in Earth Magic
 36587 | Swamp:2  | Reached skill level 15 in Poison Magic
 36793 | Swamp:2  | Killed a thorn hunter
 38889 | Swamp:4  | Entered Level 4 of the Swamp
 39616 | Swamp:4  | Reached skill level 16 in Spellcasting
 39616 | Swamp:4  | Reached skill level 16 in Conjurations
 39616 | Swamp:4  | Reached skill level 16 in Hexes
 39616 | Swamp:4  | Reached skill level 16 in Summonings
 39616 | Swamp:4  | Reached skill level 16 in Necromancy
 39616 | Swamp:4  | Reached skill level 16 in Translocations
 39616 | Swamp:4  | Reached skill level 16 in Transmutations
 39616 | Swamp:4  | Reached skill level 16 in Fire Magic
 39616 | Swamp:4  | Reached skill level 16 in Ice Magic
 39616 | Swamp:4  | Reached skill level 16 in Air Magic
 39616 | Swamp:4  | Reached skill level 16 in Earth Magic
 39616 | Swamp:4  | Reached skill level 16 in Poison Magic
 39773 | Swamp:4  | Reached XP level 18. HP: 130/135 MP: 0/0
 39939 | Swamp:4  | Reached skill level 13 in Dodging
 40032 | Swamp:4  | Paralysed by a fenstrider witch for 2 turns
 40042 | Swamp:4  | magus.rc [v1.9.6]
 40274 | Swamp:4  | Reached skill level 1 in Short Blades
 40299 | Swamp:4  | Reached skill level 2 in Short Blades
 40306 | Swamp:4  | Reached skill level 3 in Short Blades
 40505 | Swamp:4  | Reached skill level 4 in Short Blades
 40877 | Swamp:4  | Reached skill level 5 in Short Blades
 41223 | Swamp:4  | Reached skill level 6 in Short Blades
 41638 | Swamp:4  | Found a blossoming altar of Fedhas.
 41762 | Swamp:4  | Found a basalt altar of Yredelemnul.
 41778 | Swamp:4  | Got a decaying rune of Zot
 42434 | Lair:2   | Bought the ring "Gogy" {rF+ rC+ MP+9 Int+3} for 1219 gold
                  | pieces
 42483 | Spider:1 | Entered Level 1 of the Spider Nest
 42623 | Spider:1 | Reached skill level 7 in Short Blades
 43208 | Spider:1 | Reached skill level 8 in Short Blades
 43386 | Spider:1 | Noticed Roxanne
 43574 | Spider:1 | Noticed Nikola
 43583 | Spider:1 | Killed Nikola
 43876 | Spider:1 | Reached skill level 9 in Short Blades
 44314 | Spider:2 | Reached XP level 19. HP: 111/141 MP: 0/0
 44314 | Spider:2 | Learned a level 7 spell: Ozocubu's Refrigeration
 44560 | Spider:2 | Reached skill level 10 in Short Blades
 44991 | Spider:2 | Identified the +10 scale mail "Kuras" {rC+ Will+ MP-9
                  | Stlth+}
 45365 | Spider:3 | Reached skill level 11 in Short Blades
 46143 | Spider:3 | Reached skill level 12 in Short Blades
 46286 | Spider:3 | Noticed Agnes
 46292 | Spider:3 | Killed Agnes
 46464 | Spider:3 | Upgraded the game from 0.31-a0-851-g7ff8af7976 to
                  | 0.31-a0-854-g362426d53f
 46464 | Spider:3 | magus.rc [v1.9.6]
 46564 | Spider:4 | Entered Level 4 of the Spider Nest
 47044 | Spider:4 | magus.rc [v1.9.6]
 47597 | Spider:4 | Identified the +5 spear of Wondrous Power {heavy, Will++
                  | rCorr Int+3}
 47876 | Spider:4 | Reached skill level 15 in Fighting
 48098 | Spider:4 | Reached skill level 14 in Dodging
 48539 | Spider:4 | Got a gossamer rune of Zot
 48874 | Vaults:1 | Entered Level 1 of the Vaults
 49015 | Vaults:1 | Reached XP level 20. HP: 70/151 MP: 0/0
 49248 | Vaults:1 | Reached skill level 16 in Fighting
 49503 | Vaults:1 | Noticed an iron giant
 49507 | Vaults:1 | an iron giant changed into a shadow dragon
 49544 | Vaults:1 | Reached skill level 7 in Shields
 49559 | Vaults:1 | magus.rc [v1.9.6]
 50032 | Vaults:1 | Reached skill level 9 in Evocations
 50682 | Vaults:1 | Reached skill level 10 in Evocations
 50711 | Vaults:1 | Noticed Zenata
 50714 | Vaults:1 | Zenata changed into Zenata the ettin
 50714 | Vaults:1 | Noticed Zenata
 50718 | Vaults:1 | Killed Zenata the ettin
 51084 | Vaults:1 | magus.rc [v1.9.6]
 52223 | Vaults:2 | Reached skill level 13 in Short Blades
 52715 | Vaults:2 | magus.rc [v1.9.6]
 53241 | Vaults:2 | Noticed Sojobo
 53319 | Vaults:2 | Reached skill level 14 in Short Blades
 53538 | Vaults:2 | Reached XP level 21. HP: 157/157 MP: 0/0
 53538 | Vaults:2 | Learned a level 7 spell: Enfeeble
 54087 | Vaults:2 | Found a staircase to the Crypt.
 54139 | Vaults:2 | magus.rc [v1.9.6]
 54722 | Elf:1    | Entered Level 1 of the Elven Halls
 54800 | Orc:2    | Paralysed by an air elemental for 1 turns
 55469 | Elf:1    | magus.rc [v1.9.6]
 55472 | Elf:1    | Reached skill level 15 in Dodging
 55783 | Elf:1    | Reached skill level 17 in Fighting
 55860 | Elf:1    | Noticed Jorgrun
 55867 | Elf:1    | Killed Jorgrun
 56522 | Elf:1    | magus.rc [v1.9.6]
 57211 | Elf:2    | Reached skill level 16 in Dodging
 57463 | Elf:2    | Found the +7 mace of Variability {chaos, chaos arc}
 57583 | Elf:2    | Found a runed translucent gate.
 57584 | Elf:2    | Found a runed translucent gate.
 57584 | Elf:2    | Found a runed translucent gate.
 58138 | Elf:2    | Reached skill level 18 in Fighting
 58230 | Elf:2    | Found a bloodstained altar of Trog.
 58258 | Elf:2    | Identified the amulet "Bawaodwo" {Faith rElec rPois Will+}
 58396 | Elf:3    | Entered Level 3 of the Elven Halls
 58985 | Elf:3    | magus.rc [v1.9.6]
 59517 | Elf:3    | Reached XP level 22. HP: 156/169 MP: 0/0
 60126 | Elf:3    | Reached skill level 17 in Dodging
 60529 | Elf:3    | Identified the +1 falchion of Destruction {spect, Will+}
 60622 | Elf:3    | Identified the +1 scale mail "Junouk" {Contam Rampage rElec
                  | Int-4}
 60893 | Elf:3    | Identified the ring "Haxoar" {rPois rF+ rC+ Str+6}
 61169 | Elf:3    | Found the +10 Black Knight's barding {ponderous, rPois rN+}
 61183 | Elf:3    | Reached skill level 18 in Dodging
 61321 | Elf:3    | Identified the staff "Xubu" {rPois rN+ Int+3 Dex+2 Necro}
 61374 | Elf:3    | Bought a scroll of fog for 76 gold pieces
 61726 | Vaults:2 | Lost mutation: You are dopey. (Int -2) [potion of mutation]
 61726 | Vaults:2 | Gained mutation: You are partially covered in iridescent
                  | scales. (AC +2) [potion of mutation]
 61726 | Vaults:2 | Gained mutation: You are dopey. (Int -2) [potion of
                  | mutation]
 61727 | Vaults:2 | magus.rc [v1.9.6]
 62780 | Vaults:3 | Reached skill level 19 in Dodging
 63101 | Vaults:3 | Reached skill level 19 in Fighting
 63770 | Vaults:3 | magus.rc [v1.9.6]
 64050 | Vaults:4 | Reached skill level 20 in Dodging
 64530 | Vaults:4 | Reached skill level 20 in Fighting
 64530 | Vaults:4 | Reached XP level 23. HP: 160/180 MP: 0/0
 64530 | Vaults:4 | Learned a level 7 spell: Haunt
 65188 | Vaults:4 | Found Kin Xihydgh's Book Boutique.
 65588 | Vaults:4 | Reached skill level 21 in Dodging
 65784 | Vaults:2 | Killed Sojobo
 65874 | Vaults:2 | magus.rc [v1.9.6]
 66013 | Depths:1 | Entered Level 1 of the Depths
 66013 | Depths:1 | Noticed Saint Roka
 66021 | Depths:1 | Killed Saint Roka
 66047 | Depths:1 | Reached skill level 21 in Fighting
 66194 | Depths:1 | Found a portal to a secret trove of treasure.
 66561 | D:6      | Bought the +6 lightning scales {swift, rElec} for 2546 gold
                  | pieces
 66561 | D:6      | Found the +6 lightning scales {swift, rElec}
 66842 | Depths:1 | You paid a toll of the lightning scales to enter a treasure
                  | trove
 66843 | Trove    | Entered a treasure trove
 66845 | Trove    | Found the +5 moon troll leather armour {Spirit, Regen++
                  | MP+5}
 66847 | Trove    | Identified the -1 pair of gloves "Xaamneca" {SInv}
 66852 | Trove    | Identified the +0 troll leather armour of the Harvest
                  | {Regen+ Dex+3}
 66855 | Trove    | Found the +2 cloak of the Thief {*Fog Slay-2 SInv Stlth+}
 66861 | Trove    | Identified the +2 robe "Duraugakk" {Harm Fly Int+6}
 66864 | Trove    | Identified the +5 plate armour of Oblivion {Rampage Drain
                  | rC+ Will+}
 66875 | Trove    | Identified the +1 pair of gloves of Prudence {rN++ Will+
                  | Dex+2}
 66889 | Trove    | Identified the +5 chain mail "Rasydana" {Str+6}
 67093 | Depths:1 | Found a one-way gateway to a ziggurat.
 67222 | Depths:1 | Found a gateway to Hell.
 67355 | Depths:1 | Reached skill level 22 in Dodging
 67713 | Depths:1 | Found a white marble altar of Elyvilon.
 67719 | Depths:1 | Reached skill level 22 in Fighting
 68115 | Depths:2 | Found a one-way gate leading to the halls of Pandemonium.
 68257 | Depths:2 | You are sucked into a shaft and drop 1 floor!
 68297 | Depths:3 | Noticed Norris
 68374 | Depths:3 | Killed Norris
 69160 | Depths:2 | Identified a potion of experience
 69344 | Depths:2 | Reached XP level 24. HP: 135/193 MP: 0/0
 69559 | Depths:2 | Found a sparkling altar of Nemelex Xobeh.
 69671 | Depths:2 | Found a one-way gate to the infinite horrors of the Abyss.
 69676 | Depths:2 | Reached skill level 17 in Spellcasting
 69676 | Depths:2 | Reached skill level 17 in Conjurations
 69676 | Depths:2 | Reached skill level 17 in Hexes
 69676 | Depths:2 | Reached skill level 17 in Summonings
 69676 | Depths:2 | Reached skill level 17 in Necromancy
 69676 | Depths:2 | Reached skill level 17 in Translocations
 69676 | Depths:2 | Reached skill level 17 in Transmutations
 69676 | Depths:2 | Reached skill level 17 in Fire Magic
 69676 | Depths:2 | Reached skill level 17 in Ice Magic
 69676 | Depths:2 | Reached skill level 17 in Air Magic
 69676 | Depths:2 | Reached skill level 17 in Earth Magic
 69676 | Depths:2 | Reached skill level 17 in Poison Magic
 70448 | Depths:3 | Found a corrupted altar of Lugonu.
 70733 | Depths:3 | Noticed a juggernaut
 70742 | Depths:3 | Killed a juggernaut
 70982 | Depths:3 | Noticed Vv
 71007 | Depths:3 | Killed Vv
 71168 | Depths:3 | Noticed Jory
 71194 | Depths:3 | Killed Jory
 71195 | Depths:3 | Reached skill level 4 in Stealth
 71472 | Depths:3 | Noticed a golden dragon
 71483 | Depths:3 | Killed a golden dragon
 71690 | Depths:3 | Reached skill level 5 in Stealth
 72482 | Depths:3 | Noticed a golden dragon
 72493 | Depths:3 | Killed a golden dragon
 72494 | Depths:3 | Reached skill level 6 in Stealth
 73279 | Depths:3 | Reached skill level 18 in Spellcasting
 73279 | Depths:3 | Reached skill level 18 in Conjurations
 73279 | Depths:3 | Reached skill level 18 in Hexes
 73279 | Depths:3 | Reached skill level 18 in Summonings
 73279 | Depths:3 | Reached skill level 18 in Necromancy
 73279 | Depths:3 | Reached skill level 18 in Translocations
 73279 | Depths:3 | Reached skill level 18 in Transmutations
 73279 | Depths:3 | Reached skill level 18 in Fire Magic
 73279 | Depths:3 | Reached skill level 18 in Ice Magic
 73279 | Depths:3 | Reached skill level 18 in Air Magic
 73279 | Depths:3 | Reached skill level 18 in Earth Magic
 73279 | Depths:3 | Reached skill level 18 in Poison Magic
 73353 | Depths:3 | Reached skill level 7 in Stealth
 73480 | Depths:3 | Found a snail-covered altar of Cheibriados.
 74071 | Depths:4 | Entered Level 4 of the Depths
 74198 | Depths:4 | Reached skill level 8 in Stealth
 74395 | Depths:4 | Reached XP level 25. HP: 190/199 MP: 0/0
 74395 | Depths:4 | Learned a level 8 spell: Ignition
 75288 | Depths:4 | Noticed Mennas
 75310 | Depths:4 | Killed Mennas
 76196 | Depths:4 | Found a gate to the Realm of Zot.
 76265 | Depths:4 | Reached skill level 19 in Spellcasting
 76265 | Depths:4 | Reached skill level 19 in Conjurations
 76265 | Depths:4 | Reached skill level 19 in Hexes
 76265 | Depths:4 | Reached skill level 19 in Summonings
 76265 | Depths:4 | Reached skill level 19 in Necromancy
 76265 | Depths:4 | Reached skill level 19 in Translocations
 76265 | Depths:4 | Reached skill level 19 in Transmutations
 76265 | Depths:4 | Reached skill level 19 in Fire Magic
 76265 | Depths:4 | Reached skill level 19 in Ice Magic
 76265 | Depths:4 | Reached skill level 19 in Air Magic
 76265 | Depths:4 | Reached skill level 19 in Earth Magic
 76265 | Depths:4 | Reached skill level 19 in Poison Magic
 76326 | Depths:4 | Found a stormy altar of Qazlal.
 77076 | Vaults:5 | Entered Level 5 of the Vaults
 77185 | Vaults:5 | Noticed a dread lich
 77472 | Vaults:4 | Killed a dread lich
 78060 | Vaults:5 | Reached skill level 20 in Spellcasting
 78060 | Vaults:5 | Reached skill level 20 in Conjurations
 78060 | Vaults:5 | Reached skill level 20 in Hexes
 78060 | Vaults:5 | Reached skill level 20 in Summonings
 78060 | Vaults:5 | Reached skill level 20 in Necromancy
 78060 | Vaults:5 | Reached skill level 20 in Translocations
 78060 | Vaults:5 | Reached skill level 20 in Transmutations
 78060 | Vaults:5 | Reached skill level 20 in Fire Magic
 78060 | Vaults:5 | Reached skill level 20 in Ice Magic
 78060 | Vaults:5 | Reached skill level 20 in Air Magic
 78060 | Vaults:5 | Reached skill level 20 in Earth Magic
 78060 | Vaults:5 | Reached skill level 20 in Poison Magic
 78526 | Vaults:4 | Reached XP level 26. HP: 142/206 MP: 0/0
 78653 | Vaults:5 | Noticed a dread lich
 78802 | Vaults:5 | Noticed an ancient lich
 78808 | Vaults:4 | Killed a dread lich
 79127 | Vaults:4 | Killed an ancient lich
 79925 | Vaults:5 | Identified the +0 ring mail "Hehing" {Stlth+}
 80127 | Vaults:5 | Identified the +0 troll leather armour of the Marlin
                  | {Regen+ Str+3 Int-3 Dex+5}
 80370 | Vaults:5 | Identified the staff "Igealun" {rC+ Dex+2 Ice}
 80382 | Vaults:5 | Identified the +5 mace of the Saviour {elec, Str+5}
 80386 | Vaults:5 | Identified the +0 steam dragon scales of Uhuxkakh {Int+2}
 80545 | Vaults:5 | Identified the amulet "Unkulud" {Spirit Str+3 Int+3}
 80597 | Vaults:5 | Got a silver rune of Zot
 80620 | Vaults:5 | Reached skill level 21 in Spellcasting
 80620 | Vaults:5 | Reached skill level 21 in Conjurations
 80620 | Vaults:5 | Reached skill level 21 in Hexes
 80620 | Vaults:5 | Reached skill level 21 in Summonings
 80620 | Vaults:5 | Reached skill level 21 in Necromancy
 80620 | Vaults:5 | Reached skill level 21 in Translocations
 80620 | Vaults:5 | Reached skill level 21 in Transmutations
 80620 | Vaults:5 | Reached skill level 21 in Fire Magic
 80620 | Vaults:5 | Reached skill level 21 in Ice Magic
 80620 | Vaults:5 | Reached skill level 21 in Air Magic
 80620 | Vaults:5 | Reached skill level 21 in Earth Magic
 80620 | Vaults:5 | Reached skill level 21 in Poison Magic
 80750 | Vaults:5 | Identified the +1 helmet "Cauday" {rElec Will+}
 81553 | Crypt:1  | Entered Level 1 of the Crypt
 81554 | Crypt:1  | Found a basalt altar of Yredelemnul.
 81633 | Crypt:1  | Found a magical portal.
 81646 | WizLab   | Entered The Roulette of Golubria
 81646 | WizLab   | Found a transporter.
 81651 | WizLab   | Found a corrupted altar of Lugonu.
 81723 | WizLab   | Found a transporter.
 81763 | WizLab   | Found a transporter.
 81822 | WizLab   | Found a corrupted altar of Lugonu.
 81865 | WizLab   | Found a transporter.
 81865 | WizLab   | Found a corrupted altar of Lugonu.
 81903 | WizLab   | Found a transporter.
 81979 | WizLab   | Found a transporter.
 81994 | WizLab   | Found a transporter.
 82038 | WizLab   | Found a transporter.
 82077 | WizLab   | Found a transporter.
 82087 | WizLab   | Found a transporter.
 82178 | WizLab   | Identified the +0 cloak of Enwih {Fly Str+9 Int-2 Dex-3}
 82180 | WizLab   | Found the +1 cloak of Starlight {*Dazzle EV+4 Stlth--}
 82185 | WizLab   | Found a transporter.
 82221 | WizLab   | Found a transporter.
 82221 | WizLab   | Identified the -1 cloak "Fepiuxzo" {rPois Int+4}
 82281 | Crypt:1  | Found a transporter.
 82319 | Crypt:1  | Noticed a curse skull
 82333 | Crypt:1  | Noticed Jeidgh's ghost (adept NaAE)
 82442 | Crypt:1  | Found a transporter.
 82763 | Crypt:1  | Noticed a curse skull
 82773 | Crypt:1  | Killed a curse skull
 82782 | Crypt:1  | Noticed a curse skull
 82795 | Crypt:1  | Killed a curse skull
 82955 | Crypt:1  | Noticed a curse skull
 84298 | Crypt:2  | Noticed a curse skull
 84313 | Crypt:2  | Killed a curse skull
 84820 | Crypt:3  | Entered Level 3 of the Crypt
 85218 | Crypt:3  | Reached XP level 27. HP: 197/211 MP: 0/0
 85218 | Crypt:3  | Learned a level 9 spell: Death's Door
 85320 | Crypt:3  | Reached skill level 22 in Spellcasting
 85320 | Crypt:3  | Reached skill level 22 in Conjurations
 85320 | Crypt:3  | Reached skill level 22 in Hexes
 85320 | Crypt:3  | Reached skill level 22 in Summonings
 85320 | Crypt:3  | Reached skill level 22 in Necromancy
 85320 | Crypt:3  | Reached skill level 22 in Translocations
 85320 | Crypt:3  | Reached skill level 22 in Transmutations
 85320 | Crypt:3  | Reached skill level 22 in Fire Magic
 85320 | Crypt:3  | Reached skill level 22 in Ice Magic
 85320 | Crypt:3  | Reached skill level 22 in Air Magic
 85320 | Crypt:3  | Reached skill level 22 in Earth Magic
 85320 | Crypt:3  | Reached skill level 22 in Poison Magic
 85575 | Crypt:3  | Noticed Grunn
 85599 | Crypt:3  | Killed Grunn
 85745 | Crypt:3  | Noticed a dread lich
 85770 | Crypt:3  | Killed a dread lich
 85792 | Crypt:3  | Noticed an ancient lich
 85800 | Crypt:3  | Killed an ancient lich
 85816 | Crypt:3  | Identified the amulet "Sulisket" {Regen+ Int+2}
 85816 | Crypt:3  | Identified the ring "Wucw" {rN+ Str+2}
 86015 | Crypt:3  | Noticed an ancient lich
 86030 | Crypt:3  | Killed an ancient lich
 86346 | Crypt:3  | Found a staircase to the Tomb.
 86374 | Crypt:3  | Identified the +0 mace of Enucuf {spect, rN+}
 86469 | Crypt:3  | Noticed a curse skull
 86477 | Crypt:3  | Killed a curse skull
 86654 | Crypt:3  | Identified the +8 rapier of the Protecting Gods {drain,
                  | *Noise rF+ Will+ Int+7}
 87083 | Zot:1    | Entered Level 1 of the Realm of Zot
 87310 | Zot:3    | Reached skill level 23 in Spellcasting
 87310 | Zot:3    | Reached skill level 23 in Conjurations
 87310 | Zot:3    | Reached skill level 23 in Hexes
 87310 | Zot:3    | Reached skill level 23 in Summonings
 87310 | Zot:3    | Reached skill level 23 in Necromancy
 87310 | Zot:3    | Reached skill level 23 in Translocations
 87310 | Zot:3    | Reached skill level 23 in Transmutations
 87310 | Zot:3    | Reached skill level 23 in Fire Magic
 87310 | Zot:3    | Reached skill level 23 in Ice Magic
 87310 | Zot:3    | Reached skill level 23 in Air Magic
 87310 | Zot:3    | Reached skill level 23 in Earth Magic
 87310 | Zot:3    | Reached skill level 23 in Poison Magic
 87494 | Zot:4    | Noticed a curse toe
 87509 | Zot:4    | Killed a curse toe
 87628 | Zot:4    | Noticed a Killer Klown
 87630 | Zot:4    | Noticed a Killer Klown
 87652 | Zot:4    | Killed a Killer Klown
 87678 | Zot:4    | Killed a Killer Klown
 87776 | Zot:4    | Noticed a Killer Klown
 87786 | Zot:4    | Killed a Killer Klown
 87827 | Zot:4    | Found a shimmering altar of Xom.
 87827 | Zot:4    | Found a shimmering altar of Xom.
 87828 | Zot:4    | Found a shimmering altar of Xom.
 87828 | Zot:4    | Found a glowing silver altar of Zin.
 87829 | Zot:4    | Found a shimmering altar of Xom.
 87830 | Zot:4    | Found a shimmering altar of Xom.
 87834 | Zot:4    | Found a shimmering altar of Xom.
 87892 | Zot:5    | Entered Level 5 of the Realm of Zot
 88386 | Zot:5    | Reached skill level 24 in Spellcasting
 88386 | Zot:5    | Reached skill level 24 in Conjurations
 88386 | Zot:5    | Reached skill level 24 in Hexes
 88386 | Zot:5    | Reached skill level 24 in Summonings
 88386 | Zot:5    | Reached skill level 24 in Necromancy
 88386 | Zot:5    | Reached skill level 24 in Translocations
 88386 | Zot:5    | Reached skill level 24 in Transmutations
 88386 | Zot:5    | Reached skill level 24 in Fire Magic
 88386 | Zot:5    | Reached skill level 24 in Ice Magic
 88386 | Zot:5    | Reached skill level 24 in Air Magic
 88386 | Zot:5    | Reached skill level 24 in Earth Magic
 88386 | Zot:5    | Reached skill level 24 in Poison Magic
 88487 | Zot:5    | Noticed an orb of fire
 88534 | Zot:5    | Noticed a dread lich
 88553 | Zot:5    | Noticed a Killer Klown
 88554 | Zot:5    | Noticed an electric golem
 88561 | Zot:5    | Killed a Killer Klown
 88565 | Zot:5    | Noticed an orb of fire
 88573 | Zot:5    | Noticed a Killer Klown
 88574 | Zot:5    | Killed an electric golem
 88588 | Zot:5    | Killed an orb of fire
 88625 | Zot:5    | Got the Orb of Zot
 88647 | Zot:5    | Killed a Killer Klown
 88695 | Zot:5    | Noticed Amyommypn the pandemonium lord
 88704 | Zot:5    | Killed Amyommypn the pandemonium lord
 89181 | D:10     | Identified +1 pearl dragon scales
 89181 | D:10     | Noticed a seraph
 89471 | D:1      | Reached skill level 23 in Fighting
 89471 | D:1      | Reached skill level 23 in Dodging
 89519 | D:$      | Escaped with the Orb!

Vanquished Creatures
  2 dread liches
  An orb of fire (Zot:5)
  An ancient lich (Crypt:3)
  A juggernaut (Depths:3)
  Mennas (Depths:4)
  Sojobo (Vaults:2)
  A pandemonium lord (Zot:5)
  Vv (Depths:3)
  2 Killer Klowns (Zot:4)
  Saint Roka (Depths:1)
  2 golden dragons
  2 bone dragons
  3 doom hounds (Crypt:3)
  7 tentacled monstrosities
  A hellephant (Depths:3)
  2 liches
  Grunn (Crypt:3)
  5 quicksilver dragons
  7 Orb Guardians
  8 titans
  5 sphinxes
  2 deep elf master archers (Elf:3)
  An Executioner (D:1)
  2 deep elf blademasters (Elf:3)
  3 ancient champions
  Gastronok (Lair:2)
  4 death cobs
  A tentacled starspawn (WizLab)
  2 shadow dragons
  8 tengu reavers
  10 storm dragons
  A draconian monk (Zot:5)
  A fenstrider witch (Swamp:4)
  5 fire giants
  A fire giant (shapeshifter) (Depths:3)
  2 draconian knights
  4 draconian scorchers
  12 frost giants
  2 emperor scorpions (Spider:4)
  5 deep elf elementalists (Elf:3)
  2 iron dragons
  8 vault wardens
  A balrug (Depths:1)
  4 ghost moths
  2 draconian shifters (Zot:5)
  A caustic shrike zombie (Crypt:2)
  6 deep elf sorcerers
  2 angels
  2 draconian stormcallers
  A curse skull (Crypt:1)
  A formless jellyfish (Vaults:3)
  3 draconian annihilators
  An orc warlord (Orc:1)
  A broodmother (Spider:4)
  A caustic shrike skeleton (Crypt:3)
  A broodmother (shapeshifter) (Depths:2)
  A spriggan defender (Depths:3)
  14 ironbound preservers
  A juggernaut skeleton (Crypt:3)
  5 stone giants
  9 very ugly things
  5 war gargoyles
  7 ironbound thunderhulks
  8 vampire knights
  4 black draconians
  5 deep elf demonologists
  6 deep elf annihilators
  10 green draconians
  2 eleionomae
  3 bunyips
  7 spark wasps
  4 purple draconians
  11 white draconians
  4 dire elephants
  2 yellow draconians (Zot:3)
  11 deep elf death magi
  6 jiangshi
  3 ettins
  4 entropy weavers
  2 shambling mangroves (Swamp:4)
  8 fire dragons
  A ragged hierophant (Vaults:3)
  Fannar (Lair:2)
  2 spriggan zombies (Crypt:3)
  8 deep elf high priests
  9 hydras
  A servant of whispers (Vaults:3)
  8 ice dragons
  15 yaktaur captains
  4 rakshasas
  4 great orbs of eyes
  2 peacekeepers (Vaults:4)
  2 ghost crabs
  A hell beast (D:7)
  4 alligators
  A jorogumo (Spider:1)
  8 centaur warriors
  An ogre mage (Vaults:5)
  27 vault guards
  A death knight (Crypt:1)
  6 ironbound frosthearts
  6 spriggan air magi
  7 boulder beetles
  7 deep troll shamans
  4 two-headed ogres
  A fenstrider witch skeleton (Crypt:3)
  A spriggan skeleton (Crypt:3)
  2 two-headed ogres (shapeshifter) (Vaults:5)
  5 tengu warriors
  4 dancing weapons
  5 deep troll earth magi (Depths:2)
  6 death yaks (Lair:1)
  A bennu skeleton (Crypt:1)
  2 demonic crawlers
  6 vampire magi
  16 hell knights
  2 sun demons (Depths:1)
  15 spriggan berserkers
  5 skysharks
  A titan skeleton (Crypt:3)
  An orc high priest (Orc:2)
  13 deep elf knights
  10 spriggans
  Amaemon (Lair:1)
  2 goliath frogs
  14 nameless horrors
  A goliath frog (shapeshifter) (Depths:3)
  6 iron trolls
  2 pharaoh ants (Spider:3)
  A shadow wraith (Crypt:2)
  2 glowing orange brains (Depths:3)
  22 skeletal warriors
  2 flayed ghosts
  A golden dragon zombie (Crypt:2)
  5 orb spiders
  A shadow dragon zombie (Crypt:3)
  2 spriggan druids
  46 deep trolls
  16 deep elf archers
  2 bog bodies (Swamp:1)
  6 phantasmal warriors
  2 large abominations (Depths:1)
  3 swamp dragons
  2 lindwurms
  14 ironbound convokers
  3 wizards
  14 wolf spiders
  6 necromancers
  7 steelbarb worms
  3 orc sorcerers
  25 deep elf zephyrmancers
  An anaconda skeleton (Crypt:3)
  22 deep elf pyromancers
  An oklob plant (Swamp:4)
  5 orc knights
  A stone giant zombie (Crypt:3)
  16 moths of wrath
  A tengu skeleton (Vaults:2)
  9 ugly things
  3 cyclopes
  A manticore (shapeshifter) (Vaults:4)
  6 elephants
  A will-o-the-wisp (Swamp:2)
  A frost giant skeleton (Crypt:1)
  Maurice (D:8)
  4 black mambas
  14 vault sentinels
  2 orange demons
  A water nymph (shapeshifter) (Vaults:5)
  A fire giant skeleton (Vaults:2)
  5 smoke demons (Crypt:3)
  6 torpor snails
  A dire elephant skeleton (Crypt:2)
  A swamp worm zombie (Crypt:2)
  Maggie (D:10)
  4 cane toads
  A yellow draconian zombie (Crypt:1)
  A white draconian zombie (Crypt:2)
  5 rime drakes
  2 centaur skeletons
  28 yaktaurs
  A green draconian zombie (Crypt:2)
  12 komodo dragons
  2 efreet
  3 tengu conjurers
  3 freezing wraiths
  3 red devils (Crypt:3)
  A catoblepas skeleton (Crypt:1)
  A harpy zombie (Crypt:3)
  An ancient zyme (WizLab)
  3 trolls
  A hydra zombie (Crypt:2)
  3 meliai (Spider:3)
  A wind drake (shapeshifter) (Vaults:1)
  2 polar bears (D:10)
  A wind drake (WizLab)
  A meliai (shapeshifter) (Elf:1)
  A human skeleton (WizLab)
  2 bloated husks
  3 harpy skeletons
  4 tyrant leeches
  12 hornets
  An ice dragon zombie (Crypt:3)
  12 tarantellas
  A saltling (Vaults:3)
  A fire dragon zombie (Crypt:1)
  13 blink frogs
  12 dream sheep
  A jumping spider (shapeshifter) (Depths:4)
  6 flying skulls
  23 slime creatures
  A meliai zombie (Crypt:1)
  29 jumping spiders
  2 centaur simulacra
  14 culicivoras
  An ettin skeleton (Crypt:3)
  2 air elementals
  2 shadows (Crypt:3)
  7 vampires
  2 wyverns (Lair:3)
  3 basilisks
  A hog (shapeshifter) (D:15)
  10 wraiths
  28 yaks
  Eustachio (D:5)
  3 fire elementals
  A golden eye (shapeshifter) (D:14)
  11 water elementals
  A black mamba skeleton (Crypt:2)
  38 redbacks
  3 spatial vortices (WizLab)
  A vampire mosquito (Spider:1)
  An acid dragon (D:10)
  3 wargs
  5 swamp worms
  9 water moccasins
  3 hell hounds
  14 orc warriors
  A sky beast (D:7)
  A black bear (D:5)
  A swamp drake (Swamp:2)
  A hornet zombie (D:6)
  A small abomination (WizLab)
  2 ice beasts
  A boggart (WizLab)
  9 centaurs
  A lindwurm skeleton (Crypt:1)
  9 wolves
  5 ogres
  A swamp dragon skeleton (Crypt:2)
  A manticore skeleton (Crypt:1)
  2 kobold brigands
  12 bullfrogs
  2 necrophages
  A yaktaur zombie (Crypt:2)
  A gnoll sergeant (D:6)
  4 scorpions
  2 wyvern zombies (D:6)
  9 wights
  6 howler monkeys
  3 electric eels
  A wolf skeleton (Crypt:1)
  A bullfrog zombie (D:6)
  2 lava snakes (Lair:5)
  2 hounds
  2 sleepcaps
  2 gnoll boudas
  14 orc priests
  A human zombie (D:6)
  A hell rat (Lair:5)
  3 iguanas
  12 orc wizards
  A hound skeleton (D:4)
  11 mummies
  A howler monkey zombie (D:6)
  A howler monkey skeleton (Crypt:2)
  15 gnolls
  8 adders
  8 river rats
  8 white imps
  An ufetubus (D:10)
  An iguana skeleton (Crypt:1)
  A dart slug (D:4)
  66 orcs
  4 ball pythons
  A bat zombie (Crypt:2)
  9 endoplasms
  7 giant cockroaches
  A gnoll zombie (Ossuary)
  6 goblins
  4 hobgoblins
  7 jackals
  4 quokkas
  8 bats
  3 hobgoblin zombies (Ossuary)
  18 kobolds
  4 kobold zombies (Ossuary)
  5 rats
  2 butterflies (Zot:4)
1533 creatures vanquished.

Vanquished Creatures (collateral kills)
  A dread lich (Vaults:4)
  2 ancient liches
  2 Killer Klowns
  A curse toe (Zot:4)
  A golden dragon (Depths:3)
  Nikola (Spider:1)
  Norris (Depths:3)
  A bone dragon (Depths:4)
  Jory (Depths:3)
  An electric golem (Zot:5)
  10 Orb Guardians (Zot:5)
  An Ice Fiend (Depths:1)
  Jorgrun (Elf:1)
  3 tentacled monstrosities
  2 deep elf blademasters (Elf:3)
  3 liches
  A walking frostbound tome (Depths:3)
  2 sphinxes
  An Executioner (Depths:1)
  A quicksilver dragon (Zot:5)
  An ancient champion (Crypt:1)
  3 thorn hunters
  Agnes (Spider:3)
  A shadow dragon (Depths:4)
  4 tengu reavers
  A draconian knight (Depths:4)
  5 vault wardens
  The ghost of Foxy the Peltast, an adept GrFi of the Shining One (Swamp:1)
  An iron dragon (Depths:3)
  4 fire giants
  Louise (D:14)
  3 curse skulls
  3 orc warlords
  A juggernaut zombie (Crypt:2)
  2 frost giants
  2 angels (Zot:4)
  4 war gargoyles
  3 formless jellyfish
  3 ironbound preservers
  A draconian annihilator (Depths:4)
  4 stone giants
  2 ironbound thunderhulks (Vaults:1)
  5 very ugly things
  4 vampire knights
  3 eleionomae
  2 black draconians
  A deep elf demonologist (Elf:3)
  A green draconian (Zot:2)
  A purple draconian (Depths:4)
  2 spark wasps
  4 dire elephants
  2 bunyips
  A red draconian (Depths:4)
  A crystal guardian (Vaults:4)
  3 shambling mangroves
  3 ettins
  3 entropy weavers
  Josephine (D:14)
  2 jiangshi (Crypt:1)
  2 great orbs of eyes
  3 fire dragons
  A yaktaur captain (Vaults:1)
  2 deep elf high priests
  3 rakshasas
  3 vault guards (Vaults:4)
  A jorogumo (Spider:1)
  2 spriggan air magi (Depths:4)
  2 ghost crabs (Swamp:4)
  3 peacekeepers
  3 ice dragons
  11 hydras
  2 radroaches
  4 boulder beetles
  7 alligators
  An ironbound frostheart (Vaults:4)
  2 two-headed ogres (D:12)
  3 deep troll earth magi
  6 deep troll shamans
  A vampire mage (Depths:4)
  4 demonic crawlers
  2 sphinx skeletons (Vaults:2)
  13 dancing weapons
  2 orc high priests (Orc:2)
  8 hell knights
  2 spriggan berserkers
  A skyshark (Lair:5)
  A deep elf knight (Elf:1)
  2 iron trolls
  13 skeletal warriors
  4 pharaoh ants
  4 goliath frogs
  9 deep trolls
  A flayed ghost (Depths:4)
  2 bunyip zombies (Swamp:4)
  4 orb spiders
  7 bog bodies
  3 glowing orange brains
  3 bunyip skeletons (Swamp:4)
  2 wizards
  A spectral hydra (Swamp:4)
  2 spriggan druids (Swamp:4)
  A deep elf archer (Elf:1)
  3 steelbarb worms
  7 swamp dragons
  An obsidian statue (WizLab)
  2 ironbound convokers
  2 lindwurms
  2 phantasmal warriors (Swamp:4)
  2 deep elf zephyrmancers
  An orc knight (D:15)
  19 ugly things
  4 deep elf pyromancers
  2 orc sorcerers (Orc:2)
  2 oklob plants (Swamp:4)
  6 wolf spiders
  A manticore (D:12)
  4 moths of wrath
  A cyclops (D:14)
  A salamander (Depths:4)
  8 elephants (Lair:5)
  9 slime creatures
  2 stone giant skeletons (Vaults:2)
  6 black mambas (Lair:5)
  A toenail golem (D:10)
  3 molten gargoyles (Lair:5)
  3 torpor snails
  6 vault sentinels
  6 cane toads
  A smoke demon (Zot:5)
  6 gargoyles
  4 yaktaurs
  4 komodo dragons
  A tengu conjurer (D:14)
  2 freezing wraiths (Swamp:4)
  A yaktaur skeleton (Vaults:2)
  A death drake zombie (Swamp:4)
  A merfolk (shapeshifter) (D:15)
  3 hydra zombies (Swamp:4)
  12 hornets
  4 tyrant leeches
  3 blink frogs
  2 polar bears
  A troll (D:11)
  6 tarantellas
  A hydra skeleton (Swamp:4)
  3 dream sheep
  4 culicivoras
  7 jumping spiders
  6 spriggans
  3 water elementals
  A fire elemental (Elf:1)
  4 yaks (Lair:5)
  5 wraiths
  3 wyverns
  A basilisk (D:12)
  6 redbacks
  2 elf skeletons (Vaults:2)
  A spriggan simulacrum (Swamp:4)
  18 vampire mosquitoes
  2 hell hounds (Lair:5)
  5 hydra simulacra (Swamp:4)
  12 swamp worms
  6 wargs
  2 human skeletons (Vaults:2)
  A water moccasin (Lair:4)
  27 orc warriors
  A swamp drake (Swamp:3)
  A swamp dragon zombie (Swamp:4)
  8 wolves
  4 ogres
  A centaur (D:11)
  A swamp dragon skeleton (Swamp:4)
  A kobold brigand (D:11)
  8 nameless horrors
  2 bullfrogs
  2 gnoll sergeants
  4 earth elementals
  5 killer bees (D:11)
  3 lava snakes (Lair:5)
  6 orc priests
  12 orc wizards
  A hell rat (Lair:5)
  9 gnolls
  5 river rats (Lair:5)
  41 orcs
671 creatures vanquished.

Vanquished Creatures (others)
  An orb of fire (Zot:5)
  A Killer Klown (Zot:5)
  A golden dragon (Zot:5)
  2 Orb Guardians (Zot:5)
  An ice dragon (Depths:4)
  A moth of wrath (Zot:5)
  2 bloated husks (Swamp:3)
  A vampire (D:10)
  A swamp drake (Swamp:2)
  A gnoll (D:11)
  A white imp (D:10)
  A spectral weapon (Zot:5)
  2 starspawn tentacles (WizLab)
16 creatures vanquished.

Grand Total: 2220 creatures vanquished

Table legend:
 A = Non-vault XP
 B = Vault XP
 C = Vault XP percentage of total XP
 D = Non-vault monster count
 E = Vault monster count
 F = Vault count percentage of total count
                 A         B        C        D         E       F
            +---------+---------+-------+---------+---------+-------
      Total |  645599 |  605502 |  48.4 |    1309 |     857 |  39.6
            +---------+---------+-------+---------+---------+-------
        D:1 |      27 |       0 |   0.0 |      16 |       0 |   0.0
        D:2 |      26 |       0 |   0.0 |      15 |       0 |   0.0
        D:3 |     108 |       0 |   0.0 |      19 |       0 |   0.0
        D:4 |     431 |     205 |  32.2 |      22 |       7 |  24.1
        D:5 |    1690 |     197 |  10.4 |      18 |       1 |   5.3
        D:6 |     939 |     670 |  41.6 |      22 |      12 |  35.3
        D:7 |     818 |     310 |  27.5 |      19 |       6 |  24.0
        D:8 |    1477 |     469 |  24.1 |      11 |       1 |   8.3
        D:9 |    1921 |     510 |  21.0 |      14 |      27 |  65.9
       D:10 |    3890 |    2306 |  37.2 |      22 |      22 |  50.0
       D:11 |    1891 |       0 |   0.0 |      20 |       0 |   0.0
       D:12 |    7390 |     270 |   3.5 |      20 |       2 |   9.1
       D:13 |    6956 |    1078 |  13.4 |      15 |       1 |   6.2
       D:14 |   12397 |    2927 |  19.1 |      29 |       6 |  17.1
       D:15 |   13682 |    5689 |  29.4 |      27 |      11 |  28.9
     Lair:1 |   10405 |    1214 |  10.4 |      31 |       2 |   6.1
     Lair:2 |    6806 |    6800 |  50.0 |      22 |      15 |  40.5
     Lair:3 |    9616 |     823 |   7.9 |      32 |       1 |   3.0
     Lair:4 |    8233 |       0 |   0.0 |      33 |       0 |   0.0
     Lair:5 |   13147 |    8359 |  38.9 |      31 |      38 |  55.1
    Swamp:1 |   14724 |    2965 |  16.8 |      29 |       3 |   9.4
    Swamp:2 |   17478 |       0 |   0.0 |      33 |       0 |   0.0
    Swamp:3 |   11030 |       0 |   0.0 |      21 |       0 |   0.0
    Swamp:4 |   13925 |   33505 |  70.6 |      28 |      52 |  65.0
   Spider:1 |   13069 |    5980 |  31.4 |      40 |       7 |  14.9
   Spider:2 |   19321 |    3511 |  15.4 |      43 |       7 |  14.0
   Spider:3 |   18215 |    1499 |   7.6 |      41 |       1 |   2.4
   Spider:4 |   12201 |   15573 |  56.1 |      25 |      34 |  57.6
      Orc:1 |    2141 |       0 |   0.0 |      24 |       0 |   0.0
      Orc:2 |    4447 |    9494 |  68.1 |      42 |      75 |  64.1
      Elf:1 |   28591 |   10960 |  27.7 |      44 |      15 |  25.4
      Elf:2 |   19101 |    7905 |  29.3 |      29 |      10 |  25.6
      Elf:3 |    7701 |   34158 |  81.6 |      18 |      29 |  61.7
   Vaults:1 |   12345 |   35894 |  74.4 |      15 |      47 |  75.8
   Vaults:2 |   22119 |   28500 |  56.3 |      32 |      43 |  57.3
   Vaults:3 |   15348 |   22967 |  59.9 |      23 |      30 |  56.6
   Vaults:4 |   31703 |   48136 |  60.3 |      47 |      34 |  42.0
   Vaults:5 |   13586 |   72613 |  84.2 |      18 |      68 |  79.1
    Crypt:1 |   24264 |       0 |   0.0 |      42 |       0 |   0.0
    Crypt:2 |   20979 |       0 |   0.0 |      32 |       0 |   0.0
    Crypt:3 |       0 |   74296 | 100.0 |       0 |      85 | 100.0
   Depths:1 |   31018 |    4598 |  12.9 |      40 |      15 |  27.3
   Depths:2 |   32973 |   16990 |  34.0 |      38 |      16 |  29.6
   Depths:3 |   30178 |   64002 |  68.0 |      33 |      55 |  62.5
   Depths:4 |   42608 |   27624 |  39.3 |      57 |      22 |  27.8
      Zot:2 |   18106 |       0 |   0.0 |      18 |       0 |   0.0
      Zot:3 |   21149 |       0 |   0.0 |      19 |       0 |   0.0
      Zot:4 |   16755 |   12475 |  42.7 |      15 |       6 |  28.6
      Zot:5 |   28674 |   34513 |  54.6 |      25 |      19 |  43.2
    Ossuary |       0 |     153 | 100.0 |       0 |      16 | 100.0
     WizLab |       0 |    5364 | 100.0 |       0 |      16 | 100.0
            +---------+---------+-------+---------+---------+-------

Skill      XL: |  1  2  3  4  5  6  7  8  9 10 11 12 13 14 15 16 17 18 19 20 21 22 23 24 25 26 27 |
---------------+----------------------------------------------------------------------------------+-----
Spellcasting   | 4 5 6 7 8 9 11 12 14 16 18 20 21 24 | 24.0
Conjurations   | 4 5 6 7 8 9 11 12 14 16 18 20 21 24 | 24.0
Hexes          | 4 5 6 7 8 9 11 12 14 16 18 20 21 24 | 24.0
Summonings     | 4 5 6 7 8 9 11 12 14 16 18 20 21 24 | 24.0
Necromancy     | 4 5 6 7 8 9 11 12 14 16 18 20 21 24 | 24.0
Translocations | 4 5 6 7 8 9 11 12 14 16 18 20 21 24 | 24.0
Transmutations | 4 5 6 7 8 9 11 12 14 16 18 20 21 24 | 24.0
Fire Magic     | 4 5 6 7 8 9 11 12 14 16 18 20 21 24 | 24.0
Ice Magic      | 4 5 6 7 8 9 11 12 14 16 18 20 21 24 | 24.0
Air Magic      | 4 5 6 7 8 9 11 12 14 16 18 20 21 24 | 24.0
Earth Magic    | 4 5 6 7 8 9 11 12 14 16 18 20 21 24 | 24.0
Poison Magic   | 4 5 6 7 8 9 11 12 14 16 18 20 21 24 | 24.0
Fighting       | 1 2 3 5 6 8 10 11 12 14 15 16 18 20 22 23 | 23.1
Stealth        | 3 8 |  8.0
Dodging        | 6 8 10 12 13 14 16 20 22 23 | 23.0
Axes           | 2 6 |  6.0
Evocations     | 4 6 8 10 | 10.0
Armour         | 3 6 8 |  8.0
Shields        | 6 7 |  7.0
Short Blades   | 9 12 14 | 14.0

Action                     |  1- 3 |  4- 6 |  7- 9 | 10-12 | 13-15 | 16-18 | 19-21 | 22-24 | 25-27 || total
---------------------------+-------+-------+-------+-------+-------+-------+-------+-------+-------++-------
  Melee: Short sword       |     2 |       |       |       |       |       |       |       |       ||     2
         Whip              |       |    16 |    24 |       |       |       |       |       |       ||    40
         War axe           |       |       |     3 |   234 |   238 |   206 |       |       |       ||   681
         Punch             |       |       |     1 |     2 |     3 |       |       |       |       ||     6
         Hand axe          |       |       |       |       |     2 |       |     7 |       |       ||     9
         Quick blade       |       |       |       |       |       |   149 |   822 |  1270 |  1878 ||  4119
         Rapier            |       |       |       |       |       |       |       |       |   243 ||   243
   Cast: Shock             |    79 |   141 |   119 |   205 |       |       |       |       |       ||   544
         Poisonous Vapours |       |     3 |     7 |    36 |    48 |    13 |       |       |       ||   107
         Static Discharge  |       |     3 |     6 |     4 |       |       |       |       |       ||    13
         Swiftness         |       |     1 |       |       |     1 |       |       |       |       ||     2
         Volatile Blastmot |       |       |    23 |    75 |    16 |       |       |       |       ||   114
         Airstrike         |       |       |     3 |    45 |   303 |   213 |     1 |     2 |       ||   567
         Sticky Flame      |       |       |       |    15 |     9 |     4 |       |       |       ||    28
         Manifold Assault  |       |       |       |    43 |     3 |     6 |     2 |       |       ||    54
         Summon Mana Viper |       |       |       |       |   119 |    81 |     8 |     2 |       ||   210
         Summon Cactus Gia |       |       |       |       |    48 |    56 |    11 |     5 |       ||   120
         Summon Hydra      |       |       |       |       |       |   132 |   112 |    53 |     8 ||   305
         Ozocubu's Refrige |       |       |       |       |       |       |   178 |   162 |     7 ||   347
         Enfeeble          |       |       |       |       |       |       |     1 |    43 |    77 ||   121
         Haunt             |       |       |       |       |       |       |       |   104 |   145 ||   249
         Ignition          |       |       |       |       |       |       |       |       |   208 ||   208
 Invoke: Call Merchant     |       |       |       |     1 |     3 |     2 |     1 |     1 |       ||     8
         Potion Petition   |       |       |       |       |       |     1 |       |       |     3 ||     4
         Bribe Branch      |       |       |       |       |       |       |       |       |     2 ||     2
  Evoke: Wand              |       |       |       |     6 |     2 |     3 |     2 |       |     3 ||    16
         Lightning rod     |       |       |       |       |       |     5 |     5 |       |       ||    10
         Box of beasts     |       |       |       |       |       |     1 |     1 |       |     1 ||     3
    Use: Scroll            |       |     9 |     7 |     6 |     6 |    10 |     6 |     5 |    11 ||    60
         Potion            |       |       |       |     1 |     1 |     1 |       |     1 |     4 ||     8
   Stab: Distracted        |       |       |       |     1 |     2 |     9 |    11 |    21 |    32 ||    76
         Sleeping          |       |       |       |     1 |       |     5 |    24 |    15 |    14 ||    59
         Invisible         |       |       |       |       |       |       |       |    51 |    66 ||   117
 Armour: Robe              |     7 |    34 |    60 |    28 |       |    59 |   165 |   180 |   107 ||   640
         Leather armour    |       |       |       |   148 |    30 |       |       |       |       ||   178
         Ring mail         |       |       |       |       |   149 |   175 |       |       |       ||   324
         Troll leather arm |       |       |       |       |       |       |       |       |   177 ||   177
  Dodge: Dodged            |     6 |    44 |    71 |   186 |   370 |   426 |   375 |   472 |   936 ||  2886
  Block: Buckler           |       |       |       |       |    21 |   209 |   164 |   165 |   384 ||   943

Illustrated notes

Table legend:
 A = Kills in this place as a percentage of kills in the entire game.
 B = Kills by you in this place as a percentage of kills by you in the entire game.
 C = Kills by friends in this place as a percentage of kills by friends in the entire game.
 D = Other kills in this place as a percentage of other kills in the entire game.
 E = Experience gained in this place as a percentage of experience gained in the entire game.
 F = Experience gained in this place divided by the number of levels of this place that you have seen.
                   A       B       C       D       E      F
               +-------+-------+-------+-------+-------+----------------------
         Total | 100.0 | 100.0 | 100.0 | 100.0 | 100.0 | 23571.2
       Dungeon |  17.8 |  19.5 |  13.9 |  25.0 |   5.7 | 4821.7
          Lair |   9.4 |   9.0 |  10.3 |   0.0 |   5.1 | 13080.6
         Swamp |   7.6 |   3.5 |  17.0 |   0.0 |   7.4 | 23406.8
   Spider Nest |   9.1 |   9.4 |   8.4 |   0.0 |   7.0 | 22342.2
  Orcish Mines |   6.5 |   2.7 |  15.1 |   0.0 |   1.3 | 8041.0
   Elven Halls |   6.6 |   7.7 |   4.2 |   0.0 |   8.5 | 36138.7
        Vaults |  16.3 |  18.8 |  10.9 |   0.0 |  23.8 | 60642.2
         Crypt |   7.3 |   9.2 |   3.0 |   0.0 |   9.4 | 39846.3
        Depths |  13.0 |  13.1 |  13.0 |  25.0 |  20.5 | 65235.0
           Zot |   4.9 |   5.1 |   4.1 |  50.0 |  10.9 | 27682.8
       Ossuary |   0.7 |   1.1 |   0.0 |   0.0 |   0.0 | 153.0
        Wizlab |   0.7 |   1.0 |   0.2 |   0.0 |   0.4 | 5364.0
               +-------+-------+-------+-------+-------+----------------------

Table legend: (Time is in decaauts)
 A = Elapsed time spent in this place.
 B = Non-inter-level travel time spent in this place.
 C = Inter-level travel time spent in this place.
 D = Time resting spent in this place.
 E = Time spent auto-exploring this place.
 F = Levels seen in this place.
 G = Mean time per level.
                   A        B        C        D        E       F      G
               +--------+--------+--------+--------+--------+-----+--------+
         Total |  88728 |  81832 |   6896 |  22881 |  43882 |  54 | 1643.1 |
       Dungeon |  21892 |  18847 |   3045 |   4171 |  11554 |  15 | 1459.5 |
        Temple |     26 |      1 |     25 |      0 |      0 |   1 |   26.0 |
          Lair |  11075 |  10207 |    868 |   3105 |   5575 |   5 | 2215.0 |
         Swamp |   8563 |   8363 |    200 |   3075 |   3952 |   4 | 2140.8 |
   Spider Nest |   6233 |   5753 |    480 |   1212 |   3423 |   4 | 1558.2 |
  Orcish Mines |   3609 |   3445 |    164 |    972 |   1716 |   2 | 1804.5 |
   Elven Halls |   6267 |   6048 |    219 |   1764 |   3382 |   3 | 2089.0 |
        Vaults |  13660 |  12651 |   1009 |   4208 |   6277 |   5 | 2732.0 |
         Crypt |   4370 |   4143 |    227 |    148 |   2982 |   3 | 1456.7 |
        Depths |  10314 |   9792 |    522 |   3820 |   4104 |   4 | 2578.5 |
           Zot |   1648 |   1516 |    132 |    318 |    365 |   5 |  329.6 |
         Trove |     93 |     93 |      0 |      0 |      0 |   1 |   93.0 |
       Ossuary |    412 |    412 |      0 |     84 |    175 |   1 |  412.0 |
        Wizlab |    559 |    559 |      0 |      3 |    376 |   1 |  559.0 |
               +--------+--------+--------+--------+--------+-----+--------+

Top non-repeatable levels by time:
Depths:3: 4138 daAuts
Vaults:4: 4108 daAuts
 Swamp:4: 3218 daAuts
Vaults:1: 3066 daAuts
   Elf:3: 3044 daAuts
   Orc:2: 2864 daAuts
    D:10: 2835 daAuts
  Lair:2: 2653 daAuts
Vaults:2: 2649 daAuts
  Lair:1: 2576 daAuts
Depths:4: 2375 daAuts
  Lair:5: 2360 daAuts
 Swamp:1: 2134 daAuts
Vaults:3: 2099 daAuts
   Elf:1: 1927 daAuts
